Workbook

Sheet RESUMO GERAL
A1: RESUMO GERAL
A3: Manutenção Predial e Jardinagem — Campi Novo Hamburgo, Jaguarão e São Leopoldo
A5: DADOS GERAIS DA CONTRATAÇÃO
A7: A | B7: Base Legal | F7: Lei 14.133/2021
A8: B | B8: Regime de Tributação | F8: Lucro Presumido
A9: C | B9: Modelo de execução | F9: DEMO c/ Conta-Vinculada
A10: D | B10: Número de meses de execução contratual (por unidade) | F10: 60
A11: COMPARATIVO POR UNIDADE
A13: Grupo | B13: Local de Execução | C13: Item - Posto | D13: Nº de Postos | E13: Valor Mensal p/ posto | F13: Valor Mensal p/ grupo | G13: Valor Anual p/ posto | H13: Valor Anual p/ grupo | I13: Valor Global p/ posto | J13: Valor Global p/ grupo
A15: 1 | B15: ='LE RES'!G11 -> campus São Leopoldo | C15: 1 - Aux. Manut. Predial | D15: 1 | E15: ='LE RES'!H17 -> 6257.82 | F15: ='LE RES'!H19 -> 12427.51 | G15: =E15*12 -> 75093.84 | H15: ='LE RES'!H21 -> 149130.12 | I15: =E15*60 -> 375469.2 | J15: ='LE RES'!H23 -> 745650.6
C16: 2 - Jardinagem | D16: 1 | E16: ='LE RES'!H18 -> 6169.69 | G16: =E16*12 -> 74036.28 | I16: =E16*60 -> 370181.4
A17: 2 | B17: ='NH RES'!G11 -> campus Novo Hamburgo | C17: 3 - Aux. Manut. Predial | D17: 1 | E17: ='NH RES'!H17 -> 6975.08 | F17: ='NH RES'!H19 -> 13029.81 | G17: =E17*12 -> 83700.96 | H17: ='NH RES'!H21 -> 156357.72 | I17: =E17*60 -> 418504.8 | J17: ='NH RES'!H23 -> 781788.6
C18: 4 - Jardinagem | D18: 1 | E18: ='NH RES'!H18 -> 6054.73 | G18: =E18*12 -> 72656.76 | I18: =E18*60 -> 363283.8
A19: 3 | B19: ='JG RES'!G11 -> campus Jaguarão | C19: 5 - Aux. Manut. Predial | D19: 1 | E19: ='JG RES'!H17 -> 6141.38 | F19: ='JG RES'!H19 -> 11899.01 | G19: =E19*12 -> 73696.56 | H19: ='JG RES'!H21 -> 142788.12 | I19: =E19*60 -> 368482.8 | J19: ='JG RES'!H23 -> 713940.6
C20: 6 - Jardinagem | D20: 1 | E20: ='JG RES'!H18 -> 5757.63 | G20: =E20*12 -> 69091.56 | I20: =E20*60 -> 345457.8
A21: VALOR CONSOLIDADO (3 UNIDADES) | F21: =SUM(F15:F20) -> 37356.33 | H21: =SUM(H15:H20) -> 448275.96 | J21: =SUM(J15:J20) -> 2241379.8

Sheet LE RES
A1: RESUMO
A3: Base Legal | C3: Lei 14.133/2021 | E3: Nº do processo: | G3: 0000.000000.0000-00
A4: Regime de Tributação | C4: Lucro Presumido | E4: Licitação nº:
A5: Modelo de execução: | C5: DEMO c/ Conta-Vinculada | E5: UASG da contratação:
A6: DISCRIMINAÇÃO DOS SERVIÇOS
A8: Data de apresentação da proposta (dia/mês/ano)
A9: Data base do Orçamento Estimado (Planilha de Ref.)
A10: Número de meses de execução contratual | G10: 60
A11: Local de execução | G11: campus São Leopoldo
A12: VALOR MENSAL DOS SERVIÇOS
J13: Divergências:
A14: Item | B14: Unidade de Execução | C14: Tipo de serviço | D14: Valor por Empregado | E14: Qtde. por Posto | F14: Valor por Posto | G14: Qtde. Postos | H14: Valor Total | J14: =COUNTIF(J17:J23,"DIVERGE") -> 0
C16: (A) | D16: (B) | E16: (C) | F16: (D) = (B x C) | G16: (E) | H16: (F) = (D x E) | J16: CONF.
A17: 1 | B17: São Leopoldo | C17: Aux. Manut. Predial | D17: ='LE AM'!J195 -> 6257.82 | E17: 1 | F17: =ROUND(D17*E17,2) -> 6257.82 | G17: 1 | H17: =ROUND(F17*G17,2) -> 6257.82 | J17: =IF(ROUND(D17*E17,2)=F17,"OK","DIVERGE") -> OK
A18: 2 | B18: São Leopoldo | C18: Jardinagem | D18: ='LE JA'!J195 -> 6169.69 | E18: 1 | F18: =ROUND(D18*E18,2) -> 6169.69 | G18: 1 | H18: =ROUND(F18*G18,2) -> 6169.69 | J18: =IF(ROUND(D18*E18,2)=F18,"OK","DIVERGE") -> OK
A19: Valor Mensal | H19: =SUM(H17:H18) -> 12427.51 | J19: =IF(SUM(H17:H18)=H19,"OK","DIVERGE") -> OK
A21: Valor Anual | H21: =ROUND(H19*12,2) -> 149130.12 | J21: =IF(ROUND(H19*12,2)=H21,"OK","DIVERGE") -> OK
A23: Valor Global | H23: =ROUND(H21*($G$10/12),2) -> 745650.6 | J23: =IF(ROUND(H21*($G$10/12),2)=H23,"OK","DIVERGE") -> OK

Sheet LE AM
A1: Item 1 do Pregão - Auxiliar de Manutenção Predial - São Leopoldo
A4: Modelo de execução:
A6: 1 | B6: Tipo de Serviço (mesmo serviço com características distintas) | H6: Manutenção Predial
A7: 2 | B7: Classificação Brasileira de Ocupações (CBO) | H7: 5143-10
A8: 3 | B8: Salário Normativo da Categoria Profissional | H8: 1765.86
A9: 4 | B9: Categoria Profissional (vinculada à execução contratual) | H9: Auxiliar de Manutenção Predial
A10: 4.1 | B10: CCT | H10: RS000057/2026
A11: 5 | B11: Data-Base da Categoria (dia/mês/ano) | H11: 46023
A12: 6 | B12: Número de meses de execução contratual | H12: 60
A14: Módulo 1: Composição da Remuneração
A16: 1 | B16: Composição da Remuneração | H16: Percentual (R$) | J16: Valor (R$)
A18: A | B18: Salário-Base - 44h/semana - reduzido para 40h sem redução salarial cf. IN 148/2026 | J18: =ROUND(((44/6)*30)*(H8/220),2) -> 1765.86
A19: B | B19: Adicional de Periculosidade | I19: 0.3 | J19: =ROUND(I19*J18,2) -> 529.76
A20: C | B20: Adicional Noturno
A21: D | B21: Adicional de Hora Noturna Reduzida
A22: E | B22: Adicional de Hora Extra no Feriado Trabalhado
A23: F | B23: Adicional de Insalubridade | I23: 0 | J23: =ROUND(I23*J18,2) -> 0
A24: Total | J24: =SUM(J18:J23) -> 2295.62
A26: Módulo 2 – Encargos e Benefícios Anuais, Mensais e Diários
A28: Submódulo 2.1 – 13º (décimo terceiro) Salário e Adicional de Férias
A30: 2.1 | B30: 13º (décimo terceiro) Salário e Adicional de Férias | J30: Valor (R$)
A32: A | B32: 13º (décimo terceiro) Salário | I32: 0.0833 | J32: =ROUND($J$24*I32,2) -> 191.23
B33: Nota explicativa: Obrigatória a cotação de 8,33% sobre o valor do Módulo 1 – Composição da Remuneração, conforme Anexo XII da IN 5/17
A34: B | B34: Adicional de Férias | I34: 0.03025 | J34: =ROUND($J$24*I34,2) -> 69.44
B35: Nota explicativa: Obrigatória a cotação de 3,025% sobre o valor do Módulo 1 – Composição da Remuneração, conforme Anexo XII da IN 5/17 (Férias + Adicional = 9,075% + 3,025% = 12,10%)
A36: Total | J36: =SUM(J32+J34) -> 260.67
A38: C | B38: Incidência dos encargos do Submódulo 2.2 sobre o total do Submódulo 2.1 | J38: =ROUND(I54*J36,2) -> 95.93
A39: Total | J39: =J36+J38 -> 356.6
A42: Submódulo 2.2 - Encargos Previdenciários (GPS), Fundo de Garantia por Tempo de Serviço (FGTS) e outras contribuições
A44: 2.2 | B44: GPS, FGTS e outras contribuições | I44: Percentual (%) | J44: Valor (R$)
A46: A | B46: INSS | I46: 0.2 | J46: =ROUND($J$24*I46,2) -> 459.12
A47: B | B47: Salário Educação | I47: 0.025 | J47: =ROUND($J$24*I47,2) -> 57.39
A48: C | B48: RAT x FAP | E48: RAT = | F48: 0.03 | G48: FAP = | H48: 1 | I48: =ROUND((F48*H48),6) -> 0.03 | J48: =ROUND($J$24*I48,2) -> 68.87
A49: D | B49: SESC ou SESI | I49: 0.015 | J49: =ROUND($J$24*I49,2) -> 34.43
A50: E | B50: SENAC ou SENAI | I50: 0.01 | J50: =ROUND($J$24*I50,2) -> 22.96
A51: F | B51: SEBRAE | I51: 0.006 | J51: =ROUND($J$24*I51,2) -> 13.77
A52: G | B52: INCRA | I52: 0.002 | J52: =ROUND($J$24*I52,2) -> 4.59
A53: H | B53: FGTS | I53: 0.08 | J53: =ROUND($J$24*I53,2) -> 183.65
A54: Total | I54: =SUM(I46:I53) -> 0.368 | J54: =SUM(J46:J53) -> 844.78
A57: Submódulo 2.3 – Benefícios Mensais e Diários
A59: 2.3 | B59: Benefícios Mensais e Diários | J59: Valor (R$)
A61: A | B61: Transporte | F61: Cálculo do valor: [(2xVTx22) – (6%xSB)] | J61: =IF(ROUND((I64*I62*I63)-(J18*I65),2)<0,0,ROUND((I64*I62*I63)-(J18*I65),2)) -> 151.45
B62: A.1) Valor da passagem | F62: Base legal: Decreto Municipal nº 11.140, de 22/08/2025 | I62: 5.85 | J62: -
B63: A.2) Quantidade de passagens por dia por empregado: | I63: 2
B64: A.3) Quantidade de dias do mês de recebimento de passagens | I64: 22
B65: A.4) Participação do empregado em percentual do salário-base | I65: 0.06
A66: B | B66: Auxílio-Refeição/Alimentação | F66: Cálculo do valor = [(22xVA)x(1-0,19)] | J66: =ROUND(I68*I67*(1-I69),2) -> 483.81
B67: B.1) Valor do auxílio-alimentação | F67: Clausula da CCT: | G67: 20ª | I67: 27.15 | J67: -
B68: B.2) Quantidade de dias do mês de recebimento de auxílio-alimentação | I68: 22
B69: B.3) Participação do empregado em percentual do valor do auxílio-alimentação | I69: 0.19
A70: C | B70: Seguro contra riscos de acidente de trabalho | J70: 0
A71: D | B71: Plano de Benefício Social Familiar | F71: Clausula da CCT: | G71: 31ª | J71: 25.52
A72: E | B72: Prêmio Assiduidade | F72: Clausula da CCT: | G72: 19ª | J72: 80
A73: Total | J73: =SUM(J61:J72) -> 740.78
A76: Quadro-Resumo do Módulo 2 – Encargos e Benefícios Anuais, Mensais e Diários
A78: 2 | B78: Encargos e Benefícios Anuais, Mensais e Diários | J78: Valor (R$)
A80: 2.1 | B80: 13º (décimo terceiro) Salário e Adicional de Férias | J80: =J39 -> 356.6
A81: 2.2 | B81: GPS, FGTS e outras contribuições | J81: =J54 -> 844.78
A82: 2.3 | B82: Benefícios Mensais e Diários | J82: =J73 -> 740.78
A83: Total | J83: =SUM(J80+J81+J82) -> 1942.16
A86: Módulo 3 - Provisão para Rescisão
A88: 3 | B88: Provisão para Rescisão | J88: Valor (R$)
A90: A | B90: Aviso Prévio Indenizado | J90: =ROUND((($J$24/12)+($J$32/12)+($J$24*0.121/12))*(30/30)*0.05,2) -> 11.52
B91: Aviso-prévio indenizado Cálculo do valor = {Rem/12 + 13º/12=(Rem/12)/12 + Férias/12=(Rem/12)/12 + (1/3xFérias)/12=1/3x[(Rem/12)/12]} x (30/30=1) x 5% de rotatividade anual - Os reflexos de 13º, F e 1/3F são referentes a 1 mês de APInd
A92: B | B92: Incidência do FGTS sobre o Aviso Prévio Indenizado | J92: =ROUND($J$90*I53,2) -> 0.92
A93: C | B93: Aviso Prévio Trabalhado | J93: =ROUND(((($J$24/30)*7)/$H$12)*1,2) -> 8.93
B94: Cálculo do valor= [(Rem/30)x7]/60 meses do contratox100% dos empregados - ao final do contrato
A95: D | B95: Incidência dos encargos do Submódulo 2.2 sobre o Aviso Prévio Trabalhado | J95: =ROUND($I$54*J93,2) -> 3.29
A96: E | B96: Multa do FGTS e contribuição social sobre o Aviso Prévio Trabalhado e Aviso Prévio Indenizado. | I96: 0.04 | J96: =ROUND($J$24*I96,2) -> 91.82
B97: Obrigatória a cotação de 4,00% sobre o valor do Módulo 1 – Composição da Remuneração, conforme Anexo XII da IN Seges nº 5/2017
A98: Total | J98: =SUM(J90:J96) -> 116.48
A101: Módulo 4 - Custo de Reposição do Profissional Ausente
A103: Base de cálculo para o Custo de Reposição do Profissional Ausente (substituto): | J103: =J107+J24+J32+J34 -> 2764.62
A104: BCCPA = Rem + 13º + Férias + 1/3Férias
A105: 4.1 | B105: Substituto nas Ausências Legais | J105: Valor (R$)
A107: A | B107: Subsitituto na cobertura de Férias | I107: 0.09075 | J107: =ROUND(($J$24*I107),2) -> 208.33
A108: B | B108: Subsitituto na cobertura de Ausências Legais | J108: =ROUND((($J$103/30)*2.96)/12,2) -> 22.73
F109: Cálculo do valor = [(BCCPA/30)x2,96dias]/12
A110: C | B110: Subsitituto na cobertura de Licença-Paternidade | J110: =ROUND((($J$103/30)*5)/12*0.015,2) -> 0.58
F111: Cálculo do valor = {[(BCCPA/30)x5dias]/12}x1,5%
A112: D | B112: Subsitituto na cobertura de Ausência por acidente de trabalho | J112: =ROUND(((($J$103/30)*0.97)/12),2) -> 7.45
F113: Cálculo do valor = {[(BCCPA/30)x0,97dias]/12}
A114: E | B114: Subsitituto na cobertura de Afastamento Maternidade | J114: =ROUND(((((J24*0.121)+(I54)*(J24*0.121))*(4/12)))*0.02,2)+ROUND(((I53*J24+I54*J32+J73-J61-J66+J98)*4/12)*0.02,2) -> 5.7
B115: Cálculo do valor = [((Férias + Férias / 3) + SUB2.2 x (Férias + Férias / 3)) x (4/12)] x 2% + [( FGTS x Rem + SUB 2.2 x 13º + SUB2.3 – VA – VT + MÓD3) x (4/12)] } x 2%
B116: Nota explicativa: Não incide Contribuição Previdenciária Patronal (INSS + 3ªs entidades) sobre a Remuneração da empregada residente nos 4 meses de Afastamento, conforme Solução de Consulta Cosit/RFB nº 27/2023, publicada na pág. 20 da Seção 1 do DOU de 09/02/2023. A Remuneração e o 13º da empregada residente poderão ser compensados, por isso não constam da fórmula.
A117: F | B117: Subsitituto na cobertura de Ausência por doença | J117: =ROUND(((($J$103/30)*3)/12),2) -> 23.04
F118: Cálculo do valor = [(BCCPA)/30)x3dias]/12
A119: Total | J119: =SUM(J107:J117) -> 267.83
A121: G | B121: Incidência dos encargos do Submódulo 2.2 sobre o total do Submódulo 4.1 | J121: =ROUND(I54*J119,2) -> 98.56
A122: Total | J122: =SUM(J119:J121) -> 366.39
A124: Submódulo 4.2 – Subistituto na Intrajornada
A126: 4.2 | B126: Substituto na Intrajornada | J126: Valor (R$)
A128: A | B128: Subsitituto na cobertura de Intervalo para repouso ou alimentação | J128: 0
A129: Total | J129: 0
A131: B | B131: Incidência dos encargos do Submódulo 2.2 sobre o total do Submódulo 4.2 | J131: =ROUND(I54*J129,2) -> 0
A132: Total | J132: =SUM(J129:J131) -> 0
A135: Quadro-Resumo do Módulo 4 – Custo de Reposição do Profissional Ausente
A137: 4 | B137: Custo de Reposição do Profissional Ausente | J137: Valor (R$)
A139: 4.1 | B139: Ausências Legais | J139: =J122 -> 366.39
A140: 4.2 | B140: Intrajornada | J140: =J132 -> 0
...

Sheet LE JA
A1: Item 2 do Pregão - Jardineiro/a - São Leopoldo
A4: Modelo de execução:
A6: 1 | B6: Tipo de Serviço (mesmo serviço com características distintas) | H6: Jardinagem
A7: 2 | B7: Classificação Brasileira de Ocupações (CBO) | H7: 6220-10
A8: 3 | B8: Salário Normativo da Categoria Profissional | H8: 1765.86
A9: 4 | B9: Categoria Profissional (vinculada à execução contratual) | H9: Jardineiro(a)
A10: 4.1 | B10: CCT | H10: RS000057/2026
A11: 5 | B11: Data-Base da Categoria (dia/mês/ano) | H11: 46023
A12: 6 | B12: Número de meses de execução contratual | H12: 60
A14: Módulo 1: Composição da Remuneração
A16: 1 | B16: Composição da Remuneração | H16: Percentual (R$) | J16: Valor (R$)
A18: A | B18: Salário-Base - 44h/semana - reduzido para 40h sem redução salarial cf. IN 148/2026 | J18: =ROUND(((44/6)*30)*(H8/220),2) -> 1765.86
A19: B | B19: Adicional de Periculosidade | I19: 0 | J19: =ROUND(I19*J18,2) -> 0
A20: C | B20: Adicional Noturno
A21: D | B21: Adicional de Hora Noturna Reduzida
A22: E | B22: Adicional de Hora Extra no Feriado Trabalhado
A23: F | B23: Adicional de Insalubridade | I23: 0.2 | J23: =ROUND(I23*J18,2) -> 353.17
A24: Total | J24: =SUM(J18:J23) -> 2119.03
A26: Módulo 2 – Encargos e Benefícios Anuais, Mensais e Diários
A28: Submódulo 2.1 – 13º (décimo terceiro) Salário e Adicional de Férias
A30: 2.1 | B30: 13º (décimo terceiro) Salário e Adicional de Férias | J30: Valor (R$)
A32: A | B32: 13º (décimo terceiro) Salário | I32: 0.0833 | J32: =ROUND($J$24*I32,2) -> 176.52
B33: Nota explicativa: Obrigatória a cotação de 8,33% sobre o valor do Módulo 1 – Composição da Remuneração, conforme Anexo XII da IN 5/17
A34: B | B34: Adicional de Férias | I34: 0.03025 | J34: =ROUND($J$24*I34,2) -> 64.1
B35: Nota explicativa: Obrigatória a cotação de 3,025% sobre o valor do Módulo 1 – Composição da Remuneração, conforme Anexo XII da IN 5/17 (Férias + Adicional = 9,075% + 3,025% = 12,10%)
A36: Total | J36: =SUM(J32+J34) -> 240.62
A38: C | B38: Incidência dos encargos do Submódulo 2.2 sobre o total do Submódulo 2.1 | J38: =ROUND(I54*J36,2) -> 88.55
A39: Total | J39: =J36+J38 -> 329.17
A42: Submódulo 2.2 - Encargos Previdenciários (GPS), Fundo de Garantia por Tempo de Serviço (FGTS) e outras contribuições
A44: 2.2 | B44: GPS, FGTS e outras contribuições | I44: Percentual (%) | J44: Valor (R$)
A46: A | B46: INSS | I46: 0.2 | J46: =ROUND($J$24*I46,2) -> 423.81
A47: B | B47: Salário Educação | I47: 0.025 | J47: =ROUND($J$24*I47,2) -> 52.98
A48: C | B48: RAT x FAP | E48: RAT = | F48: 0.03 | G48: FAP = | H48: 1 | I48: =ROUND((F48*H48),6) -> 0.03 | J48: =ROUND($J$24*I48,2) -> 63.57
A49: D | B49: SESC ou SESI | I49: 0.015 | J49: =ROUND($J$24*I49,2) -> 31.79
A50: E | B50: SENAC ou SENAI | I50: 0.01 | J50: =ROUND($J$24*I50,2) -> 21.19
A51: F | B51: SEBRAE | I51: 0.006 | J51: =ROUND($J$24*I51,2) -> 12.71
A52: G | B52: INCRA | I52: 0.002 | J52: =ROUND($J$24*I52,2) -> 4.24
A53: H | B53: FGTS | I53: 0.08 | J53: =ROUND($J$24*I53,2) -> 169.52
A54: Total | I54: =SUM(I46:I53) -> 0.368 | J54: =SUM(J46:J53) -> 779.81
A57: Submódulo 2.3 – Benefícios Mensais e Diários
A59: 2.3 | B59: Benefícios Mensais e Diários | J59: Valor (R$)
A61: A | B61: Transporte | F61: Cálculo do valor: [(2xVTx22) – (6%xSB)] | J61: =IF(ROUND((I64*I62*I63)-(J18*I65),2)<0,0,ROUND((I64*I62*I63)-(J18*I65),2)) -> 151.45
B62: A.1) Valor da passagem | F62: Base legal: Decreto Municipal nº 11.140, de 22/08/2025 | I62: 5.85 | J62: -
B63: A.2) Quantidade de passagens por dia por empregado: | I63: 2
B64: A.3) Quantidade de dias do mês de recebimento de passagens | I64: 22
B65: A.4) Participação do empregado em percentual do salário-base | I65: 0.06
A66: B | B66: Auxílio-Refeição/Alimentação | F66: Cálculo do valor = [(22xVA)x(1-0,19)] | J66: =ROUND(I68*I67*(1-I69),2) -> 483.81
B67: B.1) Valor do auxílio-alimentação | E67: Clausula da CCT: | G67: 20ª | I67: 27.15 | J67: -
B68: B.2) Quantidade de dias do mês de recebimento de auxílio-alimentação | I68: 22
B69: B.3) Participação do empregado em percentual do valor do auxílio-alimentação | I69: 0.19
A70: C | B70: Seguro contra riscos de acidente de trabalho | J70: 0
A71: D | B71: Plano de Benefício Social Familiar | E71: Clausula da CCT: | G71: 31ª | J71: 25.52
A72: E | B72: Prêmio Assiduidade | E72: Clausula da CCT: | G72: 19ª | J72: 80
A73: Total | J73: =SUM(J61:J72) -> 740.78
A76: Quadro-Resumo do Módulo 2 – Encargos e Benefícios Anuais, Mensais e Diários
A78: 2 | B78: Encargos e Benefícios Anuais, Mensais e Diários | J78: Valor (R$)
A80: 2.1 | B80: 13º (décimo terceiro) Salário e Adicional de Férias | J80: =J39 -> 329.17
A81: 2.2 | B81: GPS, FGTS e outras contribuições | J81: =J54 -> 779.81
A82: 2.3 | B82: Benefícios Mensais e Diários | J82: =J73 -> 740.78
A83: Total | J83: =SUM(J80+J81+J82) -> 1849.76
A86: Módulo 3 - Provisão para Rescisão
A88: 3 | B88: Provisão para Rescisão | J88: Valor (R$)
A90: A | B90: Aviso Prévio Indenizado | J90: =ROUND((($J$24/12)+($J$32/12)+($J$24*0.121/12))*(30/30)*0.05,2) -> 10.63
B91: Aviso-prévio indenizado Cálculo do valor = {Rem/12 + 13º/12=(Rem/12)/12 + Férias/12=(Rem/12)/12 + (1/3xFérias)/12=1/3x[(Rem/12)/12]} x (30/30=1) x 5% de rotatividade anual - Os reflexos de 13º, F e 1/3F são referentes a 1 mês de APInd
A92: B | B92: Incidência do FGTS sobre o Aviso Prévio Indenizado | J92: =ROUND($J$90*I53,2) -> 0.85
A93: C | B93: Aviso Prévio Trabalhado | J93: =ROUND(((($J$24/30)*7)/$H$12)*1,2) -> 8.24
B94: Cálculo do valor= [(Rem/30)x7]/60 meses do contratox100% dos empregados - ao final do contrato
A95: D | B95: Incidência dos encargos do Submódulo 2.2 sobre o Aviso Prévio Trabalhado | J95: =ROUND($I$54*J93,2) -> 3.03
A96: E | B96: Multa do FGTS e contribuição social sobre o Aviso Prévio Trabalhado e Aviso Prévio Indenizado. | I96: 0.04 | J96: =ROUND($J$24*I96,2) -> 84.76
B97: Obrigatória a cotação de 4,00% sobre o valor do Módulo 1 – Composição da Remuneração, conforme Anexo XII da IN Seges nº 5/2017
A98: Total | J98: =SUM(J90:J96) -> 107.51
A101: Módulo 4 - Custo de Reposição do Profissional Ausente
A103: Base de cálculo para o Custo de Reposição do Profissional Ausente (substituto): | J103: =J107+J24+J32+J34 -> 2551.95
A104: BCCPA = Rem + 13º + Férias + 1/3Férias
A105: 4.1 | B105: Substituto nas Ausências Legais | J105: Valor (R$)
A107: A | B107: Subsitituto na cobertura de Férias | I107: 0.09075 | J107: =ROUND(($J$24*I107),2) -> 192.3
A108: B | B108: Subsitituto na cobertura de Ausências Legais | J108: =ROUND((($J$103/30)*2.96)/12,2) -> 20.98
F109: Cálculo do valor = [(BCCPA/30)x2,96dias]/12
A110: C | B110: Subsitituto na cobertura de Licença-Paternidade | J110: =ROUND((($J$103/30)*5)/12*0.015,2) -> 0.53
F111: Cálculo do valor = {[(BCCPA/30)x5dias]/12}x1,5%
A112: D | B112: Subsitituto na cobertura de Ausência por acidente de trabalho | J112: =ROUND(((($J$103/30)*0.97)/12),2) -> 6.88
F113: Cálculo do valor = {[(BCCPA/30)x0,97dias]/12}
A114: E | B114: Subsitituto na cobertura de Afastamento Maternidade | J114: =ROUND(((((J24*0.121)+(I54)*(J24*0.121))*(4/12)))*0.02,2)+ROUND(((I53*J24+I54*J32+J73-J61-J66+J98)*4/12)*0.02,2) -> 5.32
B115: Cálculo do valor = [((Férias + Férias / 3) + SUB2.2 x (Férias + Férias / 3)) x (4/12)] x 2% + [( FGTS x Rem + SUB 2.2 x 13º + SUB2.3 – VA – VT + MÓD3) x (4/12)] } x 2%
B116: Nota explicativa: Não incide Contribuição Previdenciária Patronal (INSS + 3ªs entidades) sobre a Remuneração da empregada residente nos 4 meses de Afastamento, conforme Solução de Consulta Cosit/RFB nº 27/2023, publicada na pág. 20 da Seção 1 do DOU de 09/02/2023. A Remuneração e o 13º da empregada residente poderão ser compensados, por isso não constam da fórmula.
A117: F | B117: Subsitituto na cobertura de Ausência por doença | J117: =ROUND(((($J$103/30)*3)/12),2) -> 21.27
F118: Cálculo do valor = [(BCCPA)/30)x3dias]/12
A119: Total | J119: =SUM(J107:J117) -> 247.28
A121: G | B121: Incidência dos encargos do Submódulo 2.2 sobre o total do Submódulo 4.1 | J121: =ROUND(I54*J119,2) -> 91
A122: Total | J122: =SUM(J119:J121) -> 338.28
A124: Submódulo 4.2 – Subistituto na Intrajornada
A126: 4.2 | B126: Substituto na Intrajornada | J126: Valor (R$)
A128: A | B128: Subsitituto na cobertura de Intervalo para repouso ou alimentação | J128: 0
A129: Total | J129: 0
A131: B | B131: Incidência dos encargos do Submódulo 2.2 sobre o total do Submódulo 4.2 | J131: =ROUND(I54*J129,2) -> 0
A132: Total | J132: =SUM(J129:J131) -> 0
A135: Quadro-Resumo do Módulo 4 – Custo de Reposição do Profissional Ausente
A137: 4 | B137: Custo de Reposição do Profissional Ausente | J137: Valor (R$)
A139: 4.1 | B139: Ausências Legais | J139: =J122 -> 338.28
A140: 4.2 | B140: Intrajornada | J140: =J132 -> 0
...

Sheet LE RC
A1: Planilha Auxiliar – Reembolso-Creche e Benefícios Semelhantes (campus São Leopoldo)
A3: IN SEGES/MGI nº 147/2026, Anexo II — Orientação SEGES nº 45, itens 3 e 7 (Portal de Compras do Governo Federal, atualizada em 03/07/2026)
G4: Divergências:
G5: =COUNTIF(G10:G19,"DIVERGE") -> 0
A6: Parâmetros do Reembolso-Creche
A8: Teto por dependente (A) | B8: 526.64
A9: Incidência (B) | B9: 0.2
A10: Provisão por posto/mês (C) = A × B | B10: =ROUND(B8*B9,2) -> 105.33 | G10: =IF(ROUND(B8*B9,2)=B10,"OK","DIVERGE") -> OK
A12: Provisionamento por Posto
A14: Posto | B14: Qtde | C14: CITL | D14: Provisão mensal | E14: Provisão anual | G14: CONF.
B16: D | C16: E | D16: F = C × D × (1+E) | E16: G = F × 12
A17: Auxiliar de Manutenção Predial | B17: 1 | C17: ='LE AM'!$J$193/'LE AM'!$J$159 -> 0.1810392 | D17: =ROUND(B17*$B$10*(1+C17),2) -> 124.4 | E17: =ROUND(D17*12,2) -> 1492.8 | G17: =IF(ROUND(B17*$B$10*(1+C17),2)=D17,"OK","DIVERGE") -> OK
A18: Jardineiro | B18: 1 | C18: ='LE JA'!$J$193/'LE JA'!$J$159 -> 0.18103903 | D18: =ROUND(B18*$B$10*(1+C18),2) -> 124.4 | E18: =ROUND(D18*12,2) -> 1492.8 | G18: =IF(ROUND(B18*$B$10*(1+C18),2)=D18,"OK","DIVERGE") -> OK
A19: Total mensal/anual | D19: =SUM(D17:D18) -> 248.8 | E19: =SUM(E17:E18) -> 2985.6 | G19: =IF(AND(SUM(D17:D18)=D19,SUM(E17:E18)=E19),"OK","DIVERGE") -> OK
A22: OBS. 2: Esta planilha substitui, nesta contratação, a linha de Reembolso-Creche do Submódulo 2.3 (Benefícios Mensais e Diários) das abas AUX. e JARD., que foi suprimida para evitar duplicidade de registro, nos termos do item 3 da Orientação SEGES nº 45.
A23: OBS. 3: O valor mensal por empregado (Provisão mensal ÷ Qtde contratada) é somado de volta ao "Valor Total por Empregado" de cada aba (AUX./JARD., item G do Quadro-Resumo do Custo por Empregado), já com o CITL aplicado — assim o preço estimado do contrato continua refletindo esse custo.
A24: OBS. 4: Valor unitário de referência: R$ 105,33/posto/mês = 20% × R$ 526,64 (teto do Reembolso-Creche, Anexo II da IN SEGES/MGI nº 147/2026, e Guia Prático do Reembolso-Creche, abril/2026).
A25: OBS. 5: O saldo provisionado deve ser acompanhado de forma global, somando os valores destinados a todos os postos de trabalho do contrato, admitidas variações mensais na distribuição entre postos (item 5 da Orientação SEGES nº 45).
A26: OBS. 6: Nas medições mensais, os valores provisionados e não solicitados pela contratada devem ser descontados, de forma análoga à glosa do vale-transporte não utilizado (item 2 da Orientação SEGES nº 45).

Sheet LE INS
B1: QUADRO INSUMOS DOS MATERIAIS, EQUIPAMENTOS E UNIFORMES
B2: Quantitativo para 12 meses
B3: Auxiliar de Manutenção Predial
B5: DESCRIÇÃO DOS MATERIAIS | C5: UNIDADE | D5: QTDE ANUAL | E5: VALOR UNIT. | F5: CUSTO ANUAL
B7: Alicate de bico isolado | C7: Unidade | D7: 1 | E7: 22.01 | F7: =ROUND(D7*E7,2) -> 22.01
B8: Alicate de corte isolado | C8: Unidade | D8: 1 | E8: 31.27 | F8: =ROUND(D8*E8,2) -> 31.27
B9: Alicate universal isolado 8” padrão VDE 1000V | C9: Unidade | D9: 1 | E9: 51.24 | F9: =ROUND(D9*E9,2) -> 51.24
B10: Masseira plástica para argamassa | C10: Unidade | D10: 1 | E10: 22.98 | F10: =ROUND(D10*E10,2) -> 22.98
B11: Balde de pedreiro plástico | C11: Unidade | D11: 1 | E11: 16.7 | F11: =ROUND(D11*E11,2) -> 16.7
B12: Carrinho de mão | C12: Unidade | D12: 1 | E12: 141.85 | F12: =ROUND(D12*E12,2) -> 141.85
B13: Chave de teste elétrico, isolada | C13: Unidade | D13: 1 | E13: 12.11 | F13: =ROUND(D13*E13,2) -> 12.11
B14: Colher de pedreiro | C14: Unidade | D14: 1 | E14: 16.55 | F14: =ROUND(D14*E14,2) -> 16.55
B15: Corda trançada, diâmetro 12mm, mínimo 20m | C15: Unidade | D15: 1 | E15: 50.43 | F15: =ROUND(D15*E15,2) -> 50.43
B16: Jogo chave fenda chata isolada | C16: Conjunto | D16: 1 | E16: 100.48 | F16: =ROUND(D16*E16,2) -> 100.48
B17: Jogo chave fenda cruzada isolada | C17: Conjunto | D17: 1 | E17: 94.67 | F17: =ROUND(D17*E17,2) -> 94.67
B18: Conjunto de brocas para concreto, mínimo 5 peças, bitolas de 4, 5, 6, 8 e 10 mm | C18: Conjunto | D18: 4 | E18: 30.94 | F18: =ROUND(D18*E18,2) -> 123.76
... B55: Trincha | C55: Unidade | D55: 1 | E55: 11.19 | F55: =ROUND(D55*E55,2) -> 11.19
B56: CUSTO ANUAL DOS MATERIAIS | F56: =SUM(F7:F55) -> 2414.96
B57: CUSTO MENSAL DOS MATERIAIS | F57: =ROUND(F56/12,2) -> 201.25
B59: UNIFORMES E EPI | C59: UNIDADE | D59: QTDE ANUAL | E59: VALOR UNIT. | F59: CUSTO ANUAL
B61: Bota de segurança de couro, antiderrapante, preta | C61: Par | D61: 2 | E61: 58.17 | F61: =ROUND(D61*E61,2) -> 116.34
B62: Calça de uniforme, brim, cinza | C62: Unidade | D62: 4 | E62: 66.82 | F62: =ROUND(D62*E62,2) -> 267.28
B63: Camiseta de uniforme, algodão, manga curta, cinza | C63: Unidade | D63: 6 | E63: 31.02 | F63: =ROUND(D63*E63,2) -> 186.12
B64: Camiseta de uniforme, algodão, manga longa, cinza | C64: Unidade | D64: 6 | E64: 28.13 | F64: =ROUND(D64*E64,2) -> 168.78
B65: Capacete de segurança NR-10 classe B | C65: Unidade | D65: 1 | E65: 37.62 | F65: =ROUND(D65*E65,2) -> 37.62
B66: Óculos de proteção | C66: Unidade | D66: 2 | E66: 5.01 | F66: =ROUND(D66*E66,2) -> 10.02
B67: Máscara de proteção facial | C67: Unidade | D67: 1 | E67: 40.1 | F67: =ROUND(D67*E67,2) -> 40.1
B68: Protetor auricular | C68: Unidade | D68: 4 | E68: 2.95 | F68: =ROUND(D68*E68,2) -> 11.8
B69: Protetor solar FPS mínimo 30 | C69: Unidade | D69: 12 | E69: 11.04 | F69: =ROUND(D69*E69,2) -> 132.48
B70: Jaleco de tecido de Brim (100% algodão) | C70: Unidade | D70: 2 | E70: 51.95 | F70: =ROUND(D70*E70,2) -> 103.9
B71: Jaqueta forrrada | C71: Unidade | D71: 2 | E71: 119.62 | F71: =ROUND(D71*E71,2) -> 239.24
B72: Luvas emborrachadas em nitrílico | C72: Par | D72: 2 | E72: 5.69 | F72: =ROUND(D72*E72,2) -> 11.38
... B76: Luva de cobertura em vaqueta | C76: Par | D76: 1 | E76: 41.93 | F76: =ROUND(D76*E76,2) -> 41.93
B77: CUSTO ANUAL DOS UNIFORMES | F77: =SUM(F61:F76) -> 2010.15
B78: CUSTO MENSAL DOS UNIFORMES | F78: =ROUND(F77/12,2) -> 167.51
B80: OUTROS | C80: UNIDADE | D80: QTDE ANUAL | E80: VALOR UNIT. | F80: CUSTO ANUAL | G80: QTDE P/ PEDIDO | H80: QTDE TOTAL
B82: Tinta acrílica emborrachada, primeira linha, ABRAFATI/NBR 11702, acabamento fosco (ver ESP-05) | C82: Lata 18L | D82: 0 | E82: 408.58 | F82: =ROUND(E82*D82,2) -> 0 | G82: 0 | H82: =G82*2 -> 0
B83: Tinta esmalte sintético à base de água para elementos de madeira, semibrilho (ver ESP-06) | C83: Lata 3,6L | D83: 0 | E83: 132.98 | F83: =ROUND(E83*D83,2) -> 0 | G83: 0 | H83: =G83*2 -> 0
B84: Tinta esmalte sintético à base de solvente para elementos metálicos, semibrilho (ver ESP-07) | C84: Lata 3,6L | D84: 0 | E84: 127.36 | F84: =ROUND(E84*D84,2) -> 0 | G84: 0 | H84: =G84*2 -> 0
B85: Cimento tipo 5 | C85: Saco 40kg | D85: 0 | E85: 38.7 | F85: =ROUND(E85*D85,2) -> 0 | G85: 0 | H85: =G85*4 -> 0
B86: Argamassa tipo graute | C86: Saco 25kg | D86: 0 | E86: 44.35 | F86: =ROUND(E86*D86,2) -> 0 | G86: 0 | H86: =G86*4 -> 0
B87: CUSTO ANUAL DOS MATERIAIS | F87: =SUM(F82:F86) -> 0
B88: CUSTO MENSAL DOS MATERIAIS | F88: =ROUND(F87/12,2) -> 0
B91: EQUIPAMENTOS | C91: UNIDADE | D91: QTDE | E91: VALOR UNIT. | F91: CUSTO ANUAL | G91: DEPREC. (meses) | H91: QTDE ANUAL
B93: Carro de transporte de carga com 2 rodas formato L, carga de no mínimo 400KG | C93: Unidade | D93: 1 | E93: 719 | F93: =ROUND(H93*E93,2) -> 143.8 | G93: 60 | H93: =12/G93*D93 -> 0.2
B94: Escada Articulada de, no mínimo, 12 degraus | C94: Unidade | D94: 1 | E94: 611.89 | F94: =ROUND(H94*E94,2) -> 244.76 | G94: 30 | H94: =12/G94*D94 -> 0.4
B95: Esmerilhadeira 850W | C95: Unidade | D95: 1 | E95: 350.61 | F95: =ROUND(H95*E95,2) -> 175.31 | G95: 24 | H95: =12/G95*D95 -> 0.5
B96: Lixadeira orbital 350W | C96: Unidade | D96: 1 | E96: 277.03 | F96: =ROUND(H96*E96,2) -> 138.52 | G96: 24 | H96: =12/G96*D96 -> 0.5
B97: Parafusadeira Elétrica a bateria 18V | C97: Unidade | D97: 1 | E97: 512.45 | F97: =ROUND(H97*E97,2) -> 204.98 | G97: 30 | H97: =12/G97*D97 -> 0.4
B98: Furadeira mínimo 600W | C98: Unidade | D98: 1 | E98: 393.79 | F98: =ROUND(H98*E98,2) -> 196.9 | G98: 24 | H98: =12/G98*D98 -> 0.5
B99: Serra Tico Tico mínimo 550W | C99: Unidade | D99: 1 | E99: 354.09 | F99: =ROUND(H99*E99,2) -> 141.64 | G99: 30 | H99: =12/G99*D99 -> 0.4
B100: CUSTO ANUAL DOS EQUIPAMENTOS | F100: =SUM(F93:F99) -> 1245.91
B101: CUSTO MENSAL DOS EQUIPAMENTOS | F101: =ROUND(F100/12,2) -> 103.83
B103: JARDINEIRO
B105: DESCRIÇÃO DOS MATERIAIS | C105: UNIDADE | D105: QTDE ANUAL | E105: VALOR UNIT. | F105: CUSTO ANUAL
B107: Ancinho com cabo | C107: Unidade | D107: 1 | E107: 49.78 | F107: =ROUND(D107*E107,2) -> 49.78
B108: Cesto tipo balaio | C108: Unidade | D108: 1 | E108: 64.4 | F108: =ROUND(D108*E108,2) -> 64.4
B109: Enxada | C109: Unidade | D109: 1 | E109: 44.4 | F109: =ROUND(D109*E109,2) -> 44.4
B110: Enxó | C110: Unidade | D110: 1 | E110: 43.23 | F110: =ROUND(D110*E110,2) -> 43.23
B111: Facão | C111: Unidade | D111: 1 | E111: 39.98 | F111: =ROUND(D111*E111,2) -> 39.98
B112: Foice | C112: Unidade | D112: 1 | E112: 36.97 | F112: =ROUND(D112*E112,2) -> 36.97
B113: Machado | C113: Unidade | D113: 1 | E113: 55.77 | F113: =ROUND(D113*E113,2) -> 55.77
B114: Mangueira para jardim com 50m | C114: Unidade | D114: 2 | E114: 136.11 | F114: =ROUND(D114*E114,2) -> 272.22
B115: Cavadeira articulada | C115: Unidade | D115: 1 | E115: 40.21 | F115: =ROUND(D115*E115,2) -> 40.21
B116: Cavadeira reta com cabo metálico | C116: Unidade | D116: 1 | E116: 61.35 | F116: =ROUND(D116*E116,2) -> 61.35
B117: Pá de bico/abaulada | C117: Unidade | D117: 1 | E117: 58.69 | F117: =ROUND(D117*E117,2) -> 58.69
B118: Pá de corte | C118: Unidade | D118: 1 | E118: 57.75 | F118: =ROUND(D118*E118,2) -> 57.75
... B129: Bobina de fio de nylon quadrado, 2,7mm, 2kg, para roçadeira a gasolina | C129: Unidade | D129: 3 | E129: 132 | F129: =ROUND(D129*E129,2) -> 396
B130: CUSTO ANUAL DOS MATERIAIS | F130: =SUM(F107:F129) -> 2873.76
B131: CUSTO MENSAL DOS MATERIAIS | F131: =ROUND(F130/12,2) -> 239.48
B133: MATERIAIS COMPLEMENTARES | C133: UNIDADE | D133: QTDE ANUAL | E133: VALOR UNIT. | F133: CUSTO ANUAL | G133: QTDE MENSAL
B135: Gasolina para máquinas | C135: Litro | D135: =G135*12 -> 300 | E135: 6.5 | F135: =ROUND(D135*E135,2) -> 1950 | G135: 25
B136: Óleo 2 tempos para máquinas (no caso de roçadeira/cortador com motor 2 tempos) | C136: 500ml | D136: =G136*12 -> 24 | E136: 20.86 | F136: =ROUND(D136*E136,2) -> 500.64 | G136: 2
B137: CUSTO ANUAL DOS MATERIAIS COMPLEMENTARES | F137: =SUM(F135:F136) -> 2450.64
B138: CUSTO MENSAL DOS MATERIAIS COMPLEMENTARES | F138: =ROUND(F137/12,2) -> 204.22
B140: EQUIPAMENTOS | C140: UNIDADE | D140: QTDE ANUAL | E140: VALOR UNIT. | F140: CUSTO ANUAL | G140: QTDE | H140: DEPREC. (meses)
B142: Cortador de grama a gasolina com recolhedor | C142: Unidade | D142: =12/H142*G142 -> 0.5 | E142: 2369.94 | F142: =ROUND(D142*E142,2) -> 1184.97 | G142: 1 | H142: 24
B143: Roçadeira a gasolina | C143: Unidade | D143: =12/H143*G143 -> 0.5 | E143: 778.35 | F143: =ROUND(D143*E143,2) -> 389.18 | G143: 1 | H143: 24
B144: Soprador de folhas a gasolina | C144: Unidade | D144: =12/H144*G144 -> 0.5 | E144: 514 | F144: =ROUND(D144*E144,2) -> 257 | G144: 1 | H144: 24
B145: CUSTO ANUAL DOS EQUIPAMENTOS | F145: =SUM(F142:F144) -> 1831.15
B146: CUSTO MENSAL DOS EQUIPAMENTOS | F146: =ROUND(F145/12,2) -> 152.6
B148: UNIFORMES E EPI | C148: Unidade | D148: QTDE ANUAL | E148: VALOR UNIT. | F148: CUSTO ANUAL
B150: Bota de segurança de couro, antiderrapante, preta | C150: Par | D150: 2 | E150: 58.17 | F150: =ROUND(D150*E150,2) -> 116.34
B151: Calça de uniforme, brim, cinza | C151: Unidade | D151: 4 | E151: 66.82 | F151: =ROUND(D151*E151,2) -> 267.28
B152: Camiseta de uniforme, algodão, manga curta, cinza | C152: Unidade | D152: 6 | E152: 31.02 | F152: =ROUND(D152*E152,2) -> 186.12
B153: Camiseta de uniforme, algodão, manga longa, cinza | C153: Unidade | D153: 6 | E153: 28.13 | F153: =ROUND(D153*E153,2) -> 168.78
B154: Bota PVC cano longo | C154: Par | D154: 1 | E154: 33.16 | F154: =ROUND(D154*E154,2) -> 33.16
B155: Máscara de proteção facial | C155: Unidade | D155: 1 | E155: 40.1 | F155: =ROUND(D155*E155,2) -> 40.1
B156: Avental raspa de couro | C156: Unidade | D156: 1 | E156: 36.49 | F156: =ROUND(D156*E156,2) -> 36.49
B157: Luva látex | C157: Par | D157: 6 | E157: 5.76 | F157: =ROUND(D157*E157,2) -> 34.56
B158: Luva raspa de couro | C158: Par | D158: 1 | E158: 18.3 | F158: =ROUND(D158*E158,2) -> 18.3
B159: Óculos de proteção | C159: Unidade | D159: 2 | E159: 5.01 | F159: =ROUND(D159*E159,2) -> 10.02
B160: Protetor auricular | C160: Par | D160: 4 | E160: 2.95 | F160: =ROUND(D160*E160,2) -> 11.8
B161: Protetor solar FPS mínimo 30 | C161: Unidade | D161: 6 | E161: 11.04 | F161: =ROUND(D161*E161,2) -> 66.24
... B166: Jaqueta forrrada | C166: Unidade | D166: 1 | E166: 119.62 | F166: =ROUND(D166*E166,2) -> 119.62
B167: CUSTO ANUAL DOS UNIFORMES E EPI | F167: =SUM(F150:F166) -> 1292.91
B168: CUSTO MENSAL DOS UNIFORMES E EPI | F168: =ROUND(F167/12,2) -> 107.74
B170: QUADRO RESUMO
B172: Auxiliar de Manutenção Predial | C172: CUSTO ANUAL | E172: CUSTO MENSAL | G172: CUSTO MENSAL/POSTO
B174: Materiais | C174: =F56 -> 2414.96 | E174: =F57 -> 201.25 | G174: =ROUND(C174/12,2) -> 201.25
...

Sheet LE ESP
D1: TABELA AUXILIAR - ESPECIFICAÇÕES DETALHADAS
D2: Referênciada na coluna DESCRIÇÃO DOS MATERIAIS pelo código ESP-XX, na aba Insumos
D3: CÓDIGO | E3: ITEM | F3: ESPECIFICAÇÃO COMPLETA
D5: ESP-01 | E5: Maleta conjunto de bits, mínimo 100 peças | F5: Fenda: 3, 4, 4,5, 5 (2), 5,5, 6 (2), 6,5, 7 e 8 mm. Phillips: #0, #1 (2), #2 (5), #3. Pozi: #0, #1, #2 (5), #3. Quadrado: S0, S1, S2, S3. Estrela: T8, T10 (2), T15 (2), T20 (2), T25, T27, T30, T40, T45. Hex (19 peças, 2 peças cada): 1,5 / 2 / 2,5 / 3 (x3) / 4 / 5 / 5,5 / 6 / 8 mm. Com furo central (4 un.): 4, 6, 8 e 10 mm. Estrela central (9 peças): T8, T10, T15, T20, T25, T27, T30, T35, T40. Hex com furo central (6 peças): 2, 2,5, 3, 4, 5 e 6 mm. Phillips (3 un.): #1, #2, #3. Tri-wing (4 peças): #1, #2, #3, #4. Moinho de vento (3 peças): 6, 8, 10. M-tipo (3 peças): M5, M6, M8. Suporte de bit magnético 60 mm. Adaptador de soquete de 1/4" x 50 mm. Adaptador de soquete de 1/4" x 25 mm. Conector de 1/4" x 25 mm. Gancho em forma de Y.
D11: ESP-02 | E11: Conjunto de macho | F11: M3 x 0.5 - M4 x 0.7 - M5 x 0.8 - M6 x 1.0 - M8 x 1.25 - M10 x 1.5 e M12 x 1.75, com vira macho/desandador.
D13: ESP-03 | E13: Conjunto de cossinete | F13: M3 x 0.5 - M4 x 0.7 - M5 x 0.8 - M6 x 1.0 - M8 x 1.25 - M10 x 1.5 e M12 x 1.75, com vira cossinete/desandador.
D15: ESP-04 | E15: Calibre de rosca | F15: Calibre de rosca, métrica 60° Passo (0,25mm 6'') / Whitworth 55° FPP (4° 62'').
D16: ESP-05 | E16: Tinta acrílica emborrachada (Lata 18L) obs 1 | F16: Tinta acrílica emborrachada, de primeira linha, qualificada pela ABRAFATI, que atenda a NBR 11702/2010, com elasticidade para acompanhar a movimentação natural das trincas e fissuras existentes, marca Suvinil (Proteção Total) ou similar. Cores uva verde, vitral, verde paraíso, verde bucólico, palha, pérola aveludada, concreto, branco gelo e branco neve ou outra tinta similar (a depender da atualização da nomenclatura da paleta de cores do fabricante), acabamento fosco. Inclui a pintura de muros cegos.
D21: ESP-06 | E21: Tinta esmalte sintético base água - madeira (Lata 3,6L) obs 2 | F21: Tinta esmalte sintético à base de água para serviço de pintura de elementos de madeira (portas, janelas, beirais, etc), de primeira linha, qualificada pela ABRAFATI, que atenda a NBR 11702/2010, marca Suvinil ou similar. Método de aplicação com rolo/pincel e/ou pistola. Aplicação externa. Cores uva verde, vitral, verde paraíso, verde bucólico, palha, pérola aveludada, branco neve e branco gelo ou outra tonalidade similar (a depender da atualização da nomenclatura da paleta de cores do fabricante), semibrilho.
D27: ESP-07 | E27: Tinta esmalte sintético base solvente - metálicos (Lata 3,6L) obs 3 | F27: Tinta esmalte sintético à base de solvente para serviço de pintura de elementos metálicos (estruturas metálicas - reservatório, grades de proteção, calhas de beiral, portas, janelas, portões, corrimãos, escada de marinheiro, passarela coberta, guarda-corpo, estruturas metálicas das salas modulares, etc), de primeira linha, qualificada pela ABRAFATI, que atenda a NBR 11702/2010, marca Suvinil ou similar. Método de aplicação com rolo/pincel e/ou pistola. Aplicação externa. Cor branco, verde, cinza, marrom, preto e vermelho ou outra tonalidade similar (a depender da atualização da nomenclatura da paleta de cores do fabricante), semibrilho
D33: OBS 1: As tonalidades das tintas a serem utilizadas deverão ser aprovadas pela Diretoria de Projetos e Obras. Será necessária a preparação da superfície com o uso de uma demão de fundo preparador do mesmo fabricante da tinta e específico para o tipo de tinta utilizada - não considerado no quantitativo. A pintura deverá ser feita com aplicação de no mínimo três demãos ou quantas mais forem necessárias para um perfeito cobrimento da tinta, com diluição recomendada pelo fabricante. Deverá ser utilizada fita de papel gomado para acabamento, tomando-se o cuidado para não haver respingos em outras paredes, pisos ou aberturas. O ambiente deverá ser entregue limpo e organizado ao final da pintura. Fornecimento de material para pintura, incluindo todas as tintas, pincéis, rolos, lixas, desempenadeiras, espátulas, andaimes, telas para proteção de fachadas, lonas plásticas, equipamentos de proteção individual e coletiva e quaisquer outros materiais ou equipamentos que se fizerem necessários para a completa execução do serviço, tudo por conta da CONTRATADA.
D41: OBS 2 A pintura deverá ser feita com aplicação de no mínimo duas demãos de tinta, ou até a efetiva colorização e cobrimento da superfície dos elementos de madeira. Deverá ser utilizada fita de papel gomado para acabamento, tomando-se o cuidado para não haver respingos em outras paredes, pisos ou aberturas. Previamente à pintura, deverá ser realizado o lixamento, correção das massas de vidro (massa vidraceiro) e a limpeza dos elementos de madeira, como também a correção de imperfeições e/ou rachaduras com uso massa apropriada. Após o lixamento, aplicar uma demão de fundo preparador do mesmo fabricante da tinta e específico para o tipo de tinta utilizada - não considerado no quantitativo. O ambiente deverá ser entregue limpo e organizado ao final da pintura. Fornecimento de material, incluindo todas as tintas, pincéis, rolos, lixas, desempenadeiras, espátulas, compressores, pistolas, cabos e equipamentos elétricos, andaimes, lonas plásticas, equipamentos de proteção individual e coletiva e quaisquer outros materiais ou equipamentos que se fizerem necessários para a completa execução do serviço, tudo por conta da CONTRATADA.
D50: OBS 3 A pintura deverá ser feita com aplicação de no mínimo duas demãos de tinta, ou até a efetiva colorização e cobrimento da superfície dos elementos metálicos. Deverá ser utilizada fita de papel gomado para acabamento, tomando-se o cuidado para não haver respingos em outras paredes, pisos ou aberturas. Previamente à pintura, deverá ser realizado o lixamento e limpeza dos elementos metálicos, atentando para a remoção completa da ferrugem. Após o lixamento, aplicar uma demão de fundo a base de cromato de zinco específico para superfícies metálicas (função anticorrosiva) ou convertedor de ferrugem TF-7 (se for o caso) - não considerado no quantitativo. O ambiente deverá ser entregue limpo e organizado ao final da pintura. Fornecimento de material, incluindo todas as tintas, pincéis, rolos, lixas, desempenadeiras, espátulas, compressores, pistolas, cabos e equipamentos elétricos, andaimes, lonas plásticas, equipamentos de proteção individual e coletiva e quaisquer outros materiais ou equipamentos que se fizerem necessários para a completa execução do serviço, tudo por conta da CONTRATADA.

Sheet NH RES
A1: RESUMO
A3: Base Legal | C3: Lei 14.133/2021 | E3: Nº do processo: | G3: 0000.000000.0000-00
A4: Regime de Tributação | C4: Lucro Presumido | E4: Licitação nº:
A5: Modelo de execução: | C5: DEMO c/ Conta-Vinculada | E5: UASG da contratação:
A6: DISCRIMINAÇÃO DOS SERVIÇOS
A8: Data de apresentação da proposta (dia/mês/ano)
A9: Data base do Orçamento Estimado (Planilha de Ref.)
A10: Número de meses de execução contratual | G10: 60
A11: Local de execução | G11: campus Novo Hamburgo
A12: VALOR MENSAL DOS SERVIÇOS
J13: Divergências:
A14: Item | B14: Unidade de Execução | C14: Tipo de serviço | D14: Valor por Empregado | E14: Qtde. por Posto | F14: Valor por Posto | G14: Qtde. Postos | H14: Valor Total | J14: =COUNTIF(J17:J23,"DIVERGE") -> 0
C16: (A) | D16: (B) | E16: (C) | F16: (D) = (B x C) | G16: (E) | H16: (F) = (D x E) | J16: CONF.
A17: 1 | B17: Novo Hamburgo | C17: Aux. Manut. Predial | D17: ='NH AM'!J195 -> 6975.08 | E17: 1 | F17: =ROUND(D17*E17,2) -> 6975.08 | G17: 1 | H17: =ROUND(F17*G17,2) -> 6975.08 | J17: =IF(ROUND(D17*E17,2)=F17,"OK","DIVERGE") -> OK | L17: =H17*60 -> 418504.8
A18: 2 | B18: Novo Hamburgo | C18: Jardinagem | D18: ='NH JA'!J195 -> 6054.73 | E18: 1 | F18: =ROUND(D18*E18,2) -> 6054.73 | G18: 1 | H18: =ROUND(F18*G18,2) -> 6054.73 | J18: =IF(ROUND(D18*E18,2)=F18,"OK","DIVERGE") -> OK | L18: =H18*60 -> 363283.8
A19: Valor Mensal | H19: =SUM(H17:H18) -> 13029.81 | J19: =IF(SUM(H17:H18)=H19,"OK","DIVERGE") -> OK
A21: Valor Anual | H21: =ROUND(H19*12,2) -> 156357.72 | J21: =IF(ROUND(H19*12,2)=H21,"OK","DIVERGE") -> OK
A23: Valor Global | H23: =ROUND(H21*($G$10/12),2) -> 781788.6 | J23: =IF(ROUND(H21*($G$10/12),2)=H23,"OK","DIVERGE") -> OK

Sheet NH AM
A1: Item 4 do Pregão - Auxiliar de Manutenção Predial - Novo Hamburgo
A4: Modelo de execução:
A6: 1 | B6: Tipo de Serviço (mesmo serviço com características distintas) | H6: Manutenção Predial
A7: 2 | B7: Classificação Brasileira de Ocupações (CBO) | H7: 5143-10
A8: 3 | B8: Salário Normativo da Categoria Profissional | H8: 1765.86
A9: 4 | B9: Categoria Profissional (vinculada à execução contratual) | H9: Auxiliar de Manutenção Predial
A10: 4.1 | B10: CCT | H10: RS000057/2026
A11: 5 | B11: Data-Base da Categoria (dia/mês/ano) | H11: 46023
A12: 6 | B12: Número de meses de execução contratual | H12: 60
A14: Módulo 1: Composição da Remuneração
A16: 1 | B16: Composição da Remuneração | H16: Percentual (R$) | J16: Valor (R$)
A18: A | B18: Salário-Base - 44h/semana - reduzido para 40h sem redução salarial cf. IN 148/2026 | J18: =ROUND(((44/6)*30)*(H8/220),2) -> 1765.86
A19: B | B19: Adicional de Periculosidade | I19: 0.3 | J19: =ROUND(I19*J18,2) -> 529.76
A20: C | B20: Adicional Noturno
A21: D | B21: Adicional de Hora Noturna Reduzida
A22: E | B22: Adicional de Hora Extra no Feriado Trabalhado
A23: F | B23: Adicional de Insalubridade | I23: 0 | J23: =ROUND(I23*J18,2) -> 0
A24: Total | J24: =SUM(J18:J23) -> 2295.62
A26: Módulo 2 – Encargos e Benefícios Anuais, Mensais e Diários
A28: Submódulo 2.1 – 13º (décimo terceiro) Salário e Adicional de Férias
A30: 2.1 | B30: 13º (décimo terceiro) Salário e Adicional de Férias | J30: Valor (R$)
A32: A | B32: 13º (décimo terceiro) Salário | I32: 0.0833 | J32: =ROUND($J$24*I32,2) -> 191.23
B33: Nota explicativa: Obrigatória a cotação de 8,33% sobre o valor do Módulo 1 – Composição da Remuneração, conforme Anexo XII da IN 5/17
A34: B | B34: Adicional de Férias | I34: 0.03025 | J34: =ROUND($J$24*I34,2) -> 69.44
B35: Nota explicativa: Obrigatória a cotação de 3,025% sobre o valor do Módulo 1 – Composição da Remuneração, conforme Anexo XII da IN 5/17 (Férias + Adicional = 9,075% + 3,025% = 12,10%)
A36: Total | J36: =SUM(J32+J34) -> 260.67
A38: C | B38: Incidência dos encargos do Submódulo 2.2 sobre o total do Submódulo 2.1 | J38: =ROUND(I54*J36,2) -> 95.93
A39: Total | J39: =J36+J38 -> 356.6
A42: Submódulo 2.2 - Encargos Previdenciários (GPS), Fundo de Garantia por Tempo de Serviço (FGTS) e outras contribuições
A44: 2.2 | B44: GPS, FGTS e outras contribuições | I44: Percentual (%) | J44: Valor (R$)
A46: A | B46: INSS | I46: 0.2 | J46: =ROUND($J$24*I46,2) -> 459.12
A47: B | B47: Salário Educação | I47: 0.025 | J47: =ROUND($J$24*I47,2) -> 57.39
A48: C | B48: RAT x FAP | E48: RAT = | F48: 0.03 | G48: FAP = | H48: 1 | I48: =ROUND((F48*H48),6) -> 0.03 | J48: =ROUND($J$24*I48,2) -> 68.87
A49: D | B49: SESC ou SESI | I49: 0.015 | J49: =ROUND($J$24*I49,2) -> 34.43
A50: E | B50: SENAC ou SENAI | I50: 0.01 | J50: =ROUND($J$24*I50,2) -> 22.96
A51: F | B51: SEBRAE | I51: 0.006 | J51: =ROUND($J$24*I51,2) -> 13.77
A52: G | B52: INCRA | I52: 0.002 | J52: =ROUND($J$24*I52,2) -> 4.59
A53: H | B53: FGTS | I53: 0.08 | J53: =ROUND($J$24*I53,2) -> 183.65
A54: Total | I54: =SUM(I46:I53) -> 0.368 | J54: =SUM(J46:J53) -> 844.78
A57: Submódulo 2.3 – Benefícios Mensais e Diários
A59: 2.3 | B59: Benefícios Mensais e Diários | J59: Valor (R$)
A61: A | B61: Transporte | F61: Cálculo do valor: [(2xVTx22) – (6%xSB)] | J61: =IF(ROUND((I64*I62*I63)-(J18*I65),2)<0,0,ROUND((I64*I62*I63)-(J18*I65),2)) -> 122.85
B62: A.1) Valor da passagem | F62: Base legal: DECRETO MUNICIPAL Nº 11.243, DE 23/04/2024 | I62: 5.2 | J62: -
B63: A.2) Quantidade de passagens por dia por empregado: | I63: 2
B64: A.3) Quantidade de dias do mês de recebimento de passagens | I64: 22
B65: A.4) Participação do empregado em percentual do salário-base | I65: 0.06
A66: B | B66: Auxílio-Refeição/Alimentação | F66: Cálculo do valor = [(22xVA)x(1-0,19)] | J66: =ROUND(I68*I67*(1-I69),2) -> 483.81
B67: B.1) Valor do auxílio-alimentação | F67: Clausula da CCT: | G67: 20ª | I67: 27.15 | J67: -
B68: B.2) Quantidade de dias do mês de recebimento de auxílio-alimentação | I68: 22
B69: B.3) Participação do empregado em percentual do valor do auxílio-alimentação | I69: 0.19
A70: C | B70: Seguro contra riscos de acidente de trabalho | J70: 0
A71: D | B71: Plano de Benefício Social Familiar | F71: Clausula da CCT: | G71: 31ª | J71: 25.52
A72: E | B72: Prêmio Assiduidade | F72: Clausula da CCT: | G72: 19ª | J72: 80
A73: Total | J73: =SUM(J61:J72) -> 712.18
A76: Quadro-Resumo do Módulo 2 – Encargos e Benefícios Anuais, Mensais e Diários
A78: 2 | B78: Encargos e Benefícios Anuais, Mensais e Diários | J78: Valor (R$)
A80: 2.1 | B80: 13º (décimo terceiro) Salário e Adicional de Férias | J80: =J39 -> 356.6
A81: 2.2 | B81: GPS, FGTS e outras contribuições | J81: =J54 -> 844.78
A82: 2.3 | B82: Benefícios Mensais e Diários | J82: =J73 -> 712.18
A83: Total | J83: =SUM(J80+J81+J82) -> 1913.56
A86: Módulo 3 - Provisão para Rescisão
A88: 3 | B88: Provisão para Rescisão | J88: Valor (R$)
A90: A | B90: Aviso Prévio Indenizado | J90: =ROUND((($J$24/12)+($J$32/12)+($J$24*0.121/12))*(30/30)*0.05,2) -> 11.52
B91: Aviso-prévio indenizado Cálculo do valor = {Rem/12 + 13º/12=(Rem/12)/12 + Férias/12=(Rem/12)/12 + (1/3xFérias)/12=1/3x[(Rem/12)/12]} x (30/30=1) x 5% de rotatividade anual - Os reflexos de 13º, F e 1/3F são referentes a 1 mês de APInd
A92: B | B92: Incidência do FGTS sobre o Aviso Prévio Indenizado | J92: =ROUND($J$90*I53,2) -> 0.92
A93: C | B93: Aviso Prévio Trabalhado | J93: =ROUND(((($J$24/30)*7)/$H$12)*1,2) -> 8.93
B94: Cálculo do valor= [(Rem/30)x7]/60 meses do contratox100% dos empregados - ao final do contrato
A95: D | B95: Incidência dos encargos do Submódulo 2.2 sobre o Aviso Prévio Trabalhado | J95: =ROUND($I$54*J93,2) -> 3.29
A96: E | B96: Multa do FGTS e contribuição social sobre o Aviso Prévio Trabalhado e Aviso Prévio Indenizado. | I96: 0.04 | J96: =ROUND($J$24*I96,2) -> 91.82
B97: Obrigatória a cotação de 4,00% sobre o valor do Módulo 1 – Composição da Remuneração, conforme Anexo XII da IN Seges nº 5/2017
A98: Total | J98: =SUM(J90:J96) -> 116.48
A101: Módulo 4 - Custo de Reposição do Profissional Ausente
A103: Base de cálculo para o Custo de Reposição do Profissional Ausente (substituto): | J103: =J107+J24+J32+J34 -> 2764.62
A104: BCCPA = Rem + 13º + Férias + 1/3Férias
A105: 4.1 | B105: Substituto nas Ausências Legais | J105: Valor (R$)
A107: A | B107: Subsitituto na cobertura de Férias | I107: 0.09075 | J107: =ROUND(($J$24*I107),2) -> 208.33
A108: B | B108: Subsitituto na cobertura de Ausências Legais | J108: =ROUND((($J$103/30)*2.96)/12,2) -> 22.73
F109: Cálculo do valor = [(BCCPA/30)x2,96dias]/12
A110: C | B110: Subsitituto na cobertura de Licença-Paternidade | J110: =ROUND((($J$103/30)*5)/12*0.015,2) -> 0.58
F111: Cálculo do valor = {[(BCCPA/30)x5dias]/12}x1,5%
A112: D | B112: Subsitituto na cobertura de Ausência por acidente de trabalho | J112: =ROUND(((($J$103/30)*0.97)/12),2) -> 7.45
F113: Cálculo do valor = {[(BCCPA/30)x0,97dias]/12}
A114: E | B114: Subsitituto na cobertura de Afastamento Maternidade | J114: =ROUND(((((J24*0.121)+(I54)*(J24*0.121))*(4/12)))*0.02,2)+ROUND(((I53*J24+I54*J32+J73-J61-J66+J98)*4/12)*0.02,2) -> 5.7
B115: Cálculo do valor = [((Férias + Férias / 3) + SUB2.2 x (Férias + Férias / 3)) x (4/12)] x 2% + [( FGTS x Rem + SUB 2.2 x 13º + SUB2.3 – VA – VT + MÓD3) x (4/12)] } x 2%
B116: Nota explicativa: Não incide Contribuição Previdenciária Patronal (INSS + 3ªs entidades) sobre a Remuneração da empregada residente nos 4 meses de Afastamento, conforme Solução de Consulta Cosit/RFB nº 27/2023, publicada na pág. 20 da Seção 1 do DOU de 09/02/2023. A Remuneração e o 13º da empregada residente poderão ser compensados, por isso não constam da fórmula.
A117: F | B117: Subsitituto na cobertura de Ausência por doença | J117: =ROUND(((($J$103/30)*3)/12),2) -> 23.04
F118: Cálculo do valor = [(BCCPA)/30)x3dias]/12
A119: Total | J119: =SUM(J107:J117) -> 267.83
A121: G | B121: Incidência dos encargos do Submódulo 2.2 sobre o total do Submódulo 4.1 | J121: =ROUND(I54*J119,2) -> 98.56
A122: Total | J122: =SUM(J119:J121) -> 366.39
A124: Submódulo 4.2 – Subistituto na Intrajornada
A126: 4.2 | B126: Substituto na Intrajornada | J126: Valor (R$)
A128: A | B128: Subsitituto na cobertura de Intervalo para repouso ou alimentação | J128: 0
A129: Total | J129: 0
A131: B | B131: Incidência dos encargos do Submódulo 2.2 sobre o total do Submódulo 4.2 | J131: =ROUND(I54*J129,2) -> 0
A132: Total | J132: =SUM(J129:J131) -> 0
A135: Quadro-Resumo do Módulo 4 – Custo de Reposição do Profissional Ausente
A137: 4 | B137: Custo de Reposição do Profissional Ausente | J137: Valor (R$)
A139: 4.1 | B139: Ausências Legais | J139: =J122 -> 366.39
A140: 4.2 | B140: Intrajornada | J140: =J132 -> 0
...

Sheet NH JA
A1: Item 5 do Pregão - Jardineiro/a - Novo Hamburgo
A4: Modelo de execução:
A6: 1 | B6: Tipo de Serviço (mesmo serviço com características distintas) | H6: Jardinagem
A7: 2 | B7: Classificação Brasileira de Ocupações (CBO) | H7: 6220-10
A8: 3 | B8: Salário Normativo da Categoria Profissional | H8: 1765.86
A9: 4 | B9: Categoria Profissional (vinculada à execução contratual) | H9: Jardineiro(a)
A10: 4.1 | B10: CCT | H10: RS000057/2026
A11: 5 | B11: Data-Base da Categoria (dia/mês/ano) | H11: 46023
A12: 6 | B12: Número de meses de execução contratual | H12: 60
A14: Módulo 1: Composição da Remuneração
A16: 1 | B16: Composição da Remuneração | H16: Percentual (R$) | J16: Valor (R$)
A18: A | B18: Salário-Base - 44h/semana - reduzido para 40h sem redução salarial cf. IN 148/2026 | J18: =ROUND(((44/6)*30)*(H8/220),2) -> 1765.86
A19: B | B19: Adicional de Periculosidade | I19: 0 | J19: =ROUND(I19*J18,2) -> 0
A20: C | B20: Adicional Noturno
A21: D | B21: Adicional de Hora Noturna Reduzida
A22: E | B22: Adicional de Hora Extra no Feriado Trabalhado
A23: F | B23: Adicional de Insalubridade | I23: 0.2 | J23: =ROUND(I23*J18,2) -> 353.17
A24: Total | J24: =SUM(J18:J23) -> 2119.03
A26: Módulo 2 – Encargos e Benefícios Anuais, Mensais e Diários
A28: Submódulo 2.1 – 13º (décimo terceiro) Salário e Adicional de Férias
A30: 2.1 | B30: 13º (décimo terceiro) Salário e Adicional de Férias | J30: Valor (R$)
A32: A | B32: 13º (décimo terceiro) Salário | I32: 0.0833 | J32: =ROUND($J$24*I32,2) -> 176.52
B33: Nota explicativa: Obrigatória a cotação de 8,33% sobre o valor do Módulo 1 – Composição da Remuneração, conforme Anexo XII da IN 5/17
A34: B | B34: Adicional de Férias | I34: 0.03025 | J34: =ROUND($J$24*I34,2) -> 64.1
B35: Nota explicativa: Obrigatória a cotação de 3,025% sobre o valor do Módulo 1 – Composição da Remuneração, conforme Anexo XII da IN 5/17 (Férias + Adicional = 9,075% + 3,025% = 12,10%)
A36: Total | J36: =SUM(J32+J34) -> 240.62
A38: C | B38: Incidência dos encargos do Submódulo 2.2 sobre o total do Submódulo 2.1 | J38: =ROUND(I54*J36,2) -> 88.55
A39: Total | J39: =J36+J38 -> 329.17
A42: Submódulo 2.2 - Encargos Previdenciários (GPS), Fundo de Garantia por Tempo de Serviço (FGTS) e outras contribuições
A44: 2.2 | B44: GPS, FGTS e outras contribuições | I44: Percentual (%) | J44: Valor (R$)
A46: A | B46: INSS | I46: 0.2 | J46: =ROUND($J$24*I46,2) -> 423.81
A47: B | B47: Salário Educação | I47: 0.025 | J47: =ROUND($J$24*I47,2) -> 52.98
A48: C | B48: RAT x FAP | E48: RAT = | F48: 0.03 | G48: FAP = | H48: 1 | I48: =ROUND((F48*H48),6) -> 0.03 | J48: =ROUND($J$24*I48,2) -> 63.57
A49: D | B49: SESC ou SESI | I49: 0.015 | J49: =ROUND($J$24*I49,2) -> 31.79
A50: E | B50: SENAC ou SENAI | I50: 0.01 | J50: =ROUND($J$24*I50,2) -> 21.19
A51: F | B51: SEBRAE | I51: 0.006 | J51: =ROUND($J$24*I51,2) -> 12.71
A52: G | B52: INCRA | I52: 0.002 | J52: =ROUND($J$24*I52,2) -> 4.24
A53: H | B53: FGTS | I53: 0.08 | J53: =ROUND($J$24*I53,2) -> 169.52
A54: Total | I54: =SUM(I46:I53) -> 0.368 | J54: =SUM(J46:J53) -> 779.81
A57: Submódulo 2.3 – Benefícios Mensais e Diários
A59: 2.3 | B59: Benefícios Mensais e Diários | J59: Valor (R$)
A61: A | B61: Transporte | F61: Cálculo do valor: [(2xVTx22) – (6%xSB)] | J61: =IF(ROUND((I64*I62*I63)-(J18*I65),2)<0,0,ROUND((I64*I62*I63)-(J18*I65),2)) -> 122.85
B62: A.1) Valor da passagem | F62: Base legal: DECRETO MUNICIPAL Nº 11.243, DE 23/04/2024 | I62: 5.2 | J62: -
B63: A.2) Quantidade de passagens por dia por empregado: | I63: 2
B64: A.3) Quantidade de dias do mês de recebimento de passagens | I64: 22
B65: A.4) Participação do empregado em percentual do salário-base | I65: 0.06
A66: B | B66: Auxílio-Refeição/Alimentação | F66: Cálculo do valor = [(22xVA)x(1-0,19)] | J66: =ROUND(I68*I67*(1-I69),2) -> 483.81
B67: B.1) Valor do auxílio-alimentação | E67: Clausula da CCT: | G67: 20ª | I67: 27.15 | J67: -
B68: B.2) Quantidade de dias do mês de recebimento de auxílio-alimentação | I68: 22
B69: B.3) Participação do empregado em percentual do valor do auxílio-alimentação | I69: 0.19
A70: C | B70: Seguro contra riscos de acidente de trabalho | J70: 0
A71: D | B71: Plano de Benefício Social Familiar | E71: Clausula da CCT: | G71: 31ª | J71: 25.52
A72: E | B72: Prêmio Assiduidade | E72: Clausula da CCT: | G72: 19ª | J72: 80
A73: Total | J73: =SUM(J61:J72) -> 712.18
A76: Quadro-Resumo do Módulo 2 – Encargos e Benefícios Anuais, Mensais e Diários
A78: 2 | B78: Encargos e Benefícios Anuais, Mensais e Diários | J78: Valor (R$)
A80: 2.1 | B80: 13º (décimo terceiro) Salário e Adicional de Férias | J80: =J39 -> 329.17
A81: 2.2 | B81: GPS, FGTS e outras contribuições | J81: =J54 -> 779.81
A82: 2.3 | B82: Benefícios Mensais e Diários | J82: =J73 -> 712.18
A83: Total | J83: =SUM(J80+J81+J82) -> 1821.16
A86: Módulo 3 - Provisão para Rescisão
A88: 3 | B88: Provisão para Rescisão | J88: Valor (R$)
A90: A | B90: Aviso Prévio Indenizado | J90: =ROUND((($J$24/12)+($J$32/12)+($J$24*0.121/12))*(30/30)*0.05,2) -> 10.63
B91: Aviso-prévio indenizado Cálculo do valor = {Rem/12 + 13º/12=(Rem/12)/12 + Férias/12=(Rem/12)/12 + (1/3xFérias)/12=1/3x[(Rem/12)/12]} x (30/30=1) x 5% de rotatividade anual - Os reflexos de 13º, F e 1/3F são referentes a 1 mês de APInd
A92: B | B92: Incidência do FGTS sobre o Aviso Prévio Indenizado | J92: =ROUND($J$90*I53,2) -> 0.85
A93: C | B93: Aviso Prévio Trabalhado | J93: =ROUND(((($J$24/30)*7)/$H$12)*1,2) -> 8.24
B94: Cálculo do valor= [(Rem/30)x7]/60 meses do contratox100% dos empregados - ao final do contrato
A95: D | B95: Incidência dos encargos do Submódulo 2.2 sobre o Aviso Prévio Trabalhado | J95: =ROUND($I$54*J93,2) -> 3.03
A96: E | B96: Multa do FGTS e contribuição social sobre o Aviso Prévio Trabalhado e Aviso Prévio Indenizado. | I96: 0.04 | J96: =ROUND($J$24*I96,2) -> 84.76
B97: Obrigatória a cotação de 4,00% sobre o valor do Módulo 1 – Composição da Remuneração, conforme Anexo XII da IN Seges nº 5/2017
A98: Total | J98: =SUM(J90:J96) -> 107.51
A101: Módulo 4 - Custo de Reposição do Profissional Ausente
A103: Base de cálculo para o Custo de Reposição do Profissional Ausente (substituto): | J103: =J107+J24+J32+J34 -> 2551.95
A104: BCCPA = Rem + 13º + Férias + 1/3Férias
A105: 4.1 | B105: Substituto nas Ausências Legais | J105: Valor (R$)
A107: A | B107: Subsitituto na cobertura de Férias | I107: 0.09075 | J107: =ROUND(($J$24*I107),2) -> 192.3
A108: B | B108: Subsitituto na cobertura de Ausências Legais | J108: =ROUND((($J$103/30)*2.96)/12,2) -> 20.98
F109: Cálculo do valor = [(BCCPA/30)x2,96dias]/12
A110: C | B110: Subsitituto na cobertura de Licença-Paternidade | J110: =ROUND((($J$103/30)*5)/12*0.015,2) -> 0.53
F111: Cálculo do valor = {[(BCCPA/30)x5dias]/12}x1,5%
A112: D | B112: Subsitituto na cobertura de Ausência por acidente de trabalho | J112: =ROUND(((($J$103/30)*0.97)/12),2) -> 6.88
F113: Cálculo do valor = {[(BCCPA/30)x0,97dias]/12}
A114: E | B114: Subsitituto na cobertura de Afastamento Maternidade | J114: =ROUND(((((J24*0.121)+(I54)*(J24*0.121))*(4/12)))*0.02,2)+ROUND(((I53*J24+I54*J32+J73-J61-J66+J98)*4/12)*0.02,2) -> 5.32
B115: Cálculo do valor = [((Férias + Férias / 3) + SUB2.2 x (Férias + Férias / 3)) x (4/12)] x 2% + [( FGTS x Rem + SUB 2.2 x 13º + SUB2.3 – VA – VT + MÓD3) x (4/12)] } x 2%
B116: Nota explicativa: Não incide Contribuição Previdenciária Patronal (INSS + 3ªs entidades) sobre a Remuneração da empregada residente nos 4 meses de Afastamento, conforme Solução de Consulta Cosit/RFB nº 27/2023, publicada na pág. 20 da Seção 1 do DOU de 09/02/2023. A Remuneração e o 13º da empregada residente poderão ser compensados, por isso não constam da fórmula.
A117: F | B117: Subsitituto na cobertura de Ausência por doença | J117: =ROUND(((($J$103/30)*3)/12),2) -> 21.27
F118: Cálculo do valor = [(BCCPA)/30)x3dias]/12
A119: Total | J119: =SUM(J107:J117) -> 247.28
A121: G | B121: Incidência dos encargos do Submódulo 2.2 sobre o total do Submódulo 4.1 | J121: =ROUND(I54*J119,2) -> 91
A122: Total | J122: =SUM(J119:J121) -> 338.28
A124: Submódulo 4.2 – Subistituto na Intrajornada
A126: 4.2 | B126: Substituto na Intrajornada | J126: Valor (R$)
A128: A | B128: Subsitituto na cobertura de Intervalo para repouso ou alimentação | J128: 0
A129: Total | J129: 0
A131: B | B131: Incidência dos encargos do Submódulo 2.2 sobre o total do Submódulo 4.2 | J131: =ROUND(I54*J129,2) -> 0
A132: Total | J132: =SUM(J129:J131) -> 0
A135: Quadro-Resumo do Módulo 4 – Custo de Reposição do Profissional Ausente
A137: 4 | B137: Custo de Reposição do Profissional Ausente | J137: Valor (R$)
A139: 4.1 | B139: Ausências Legais | J139: =J122 -> 338.28
A140: 4.2 | B140: Intrajornada | J140: =J132 -> 0
...

Sheet NH RC
A1: Planilha Auxiliar – Reembolso-Creche e Benefícios Semelhantes (campus Novo Hamburgo)
A3: IN SEGES/MGI nº 147/2026, Anexo II — Orientação SEGES nº 45, itens 3 e 7 (Portal de Compras do Governo Federal, atualizada em 03/07/2026)
G4: Divergências:
G5: =COUNTIF(G10:G19,"DIVERGE") -> 0
A6: Parâmetros do Reembolso-Creche
A8: Teto por dependente (A) | B8: 526.64
A9: Incidência (B) | B9: 0.2
A10: Provisão por posto/mês (C) = A × B | B10: =ROUND(B8*B9,2) -> 105.33 | G10: =IF(ROUND(B8*B9,2)=B10,"OK","DIVERGE") -> OK
A12: Provisionamento por Posto
A14: Posto | B14: Qtde | C14: CITL | D14: Provisão mensal | E14: Provisão anual | G14: CONF.
B16: D | C16: E | D16: F = C × D × (1+E) | E16: G = F × 12
A17: Auxiliar de Manutenção Predial | B17: 1 | C17: ='NH AM'!$J$193/'NH AM'!$J$159 -> 0.16852154 | D17: =ROUND(B17*$B$10*(1+C17),2) -> 123.08 | E17: =ROUND(D17*12,2) -> 1476.96 | G17: =IF(ROUND(B17*$B$10*(1+C17),2)=D17,"OK","DIVERGE") -> OK
A18: Jardineiro | B18: 1 | C18: ='NH JA'!$J$193/'NH JA'!$J$159 -> 0.16852173 | D18: =ROUND(B18*$B$10*(1+C18),2) -> 123.08 | E18: =ROUND(D18*12,2) -> 1476.96 | G18: =IF(ROUND(B18*$B$10*(1+C18),2)=D18,"OK","DIVERGE") -> OK
A19: Total mensal/anual | D19: =SUM(D17:D18) -> 246.16 | E19: =SUM(E17:E18) -> 2953.92 | G19: =IF(AND(SUM(D17:D18)=D19,SUM(E17:E18)=E19),"OK","DIVERGE") -> OK
A22: OBS. 2: Esta planilha substitui, nesta contratação, a linha de Reembolso-Creche do Submódulo 2.3 (Benefícios Mensais e Diários) das abas AUX. e JARD., que foi suprimida para evitar duplicidade de registro, nos termos do item 3 da Orientação SEGES nº 45.
A23: OBS. 3: O valor mensal por empregado (Provisão mensal ÷ Qtde contratada) é somado de volta ao "Valor Total por Empregado" de cada aba (AUX./JARD., item G do Quadro-Resumo do Custo por Empregado), já com o CITL aplicado — assim o preço estimado do contrato continua refletindo esse custo.
A24: OBS. 4: Valor unitário de referência: R$ 105,33/posto/mês = 20% × R$ 526,64 (teto do Reembolso-Creche, Anexo II da IN SEGES/MGI nº 147/2026, e Guia Prático do Reembolso-Creche, abril/2026).
A25: OBS. 5: O saldo provisionado deve ser acompanhado de forma global, somando os valores destinados a todos os postos de trabalho do contrato, admitidas variações mensais na distribuição entre postos (item 5 da Orientação SEGES nº 45).
A26: OBS. 6: Nas medições mensais, os valores provisionados e não solicitados pela contratada devem ser descontados, de forma análoga à glosa do vale-transporte não utilizado (item 2 da Orientação SEGES nº 45).

Sheet NH INS
B1: QUADRO INSUMOS DOS MATERIAIS, EQUIPAMENTOS E UNIFORMES
B2: Quantitativo para 12 meses
B3: Auxiliar de Manutenção Predial
B5: DESCRIÇÃO DOS MATERIAIS | C5: UNIDADE | D5: QTDE ANUAL | E5: VALOR UNIT. | F5: CUSTO ANUAL
B7: Alicate de bico isolado | C7: Unidade | D7: 1 | E7: 22.01 | F7: =ROUND(D7*E7,2) -> 22.01
B8: Alicate de corte isolado | C8: Unidade | D8: 1 | E8: 31.27 | F8: =ROUND(D8*E8,2) -> 31.27
B9: Alicate universal isolado 8” padrão VDE 1000V | C9: Unidade | D9: 1 | E9: 51.24 | F9: =ROUND(D9*E9,2) -> 51.24
B10: Masseira plástica para argamassa | C10: Unidade | D10: 1 | E10: 22.98 | F10: =ROUND(D10*E10,2) -> 22.98
B11: Balde de pedreiro plástico | C11: Unidade | D11: 1 | E11: 16.7 | F11: =ROUND(D11*E11,2) -> 16.7
B12: Carrinho de mão | C12: Unidade | D12: 1 | E12: 141.85 | F12: =ROUND(D12*E12,2) -> 141.85
B13: Chave de teste elétrico, isolada | C13: Unidade | D13: 1 | E13: 12.11 | F13: =ROUND(D13*E13,2) -> 12.11
B14: Colher de pedreiro | C14: Unidade | D14: 1 | E14: 16.55 | F14: =ROUND(D14*E14,2) -> 16.55
B15: Corda trançada, diâmetro 12mm, mínimo 20m | C15: Unidade | D15: 1 | E15: 50.43 | F15: =ROUND(D15*E15,2) -> 50.43
B16: Jogo chave fenda chata isolada | C16: Conjunto | D16: 1 | E16: 100.48 | F16: =ROUND(D16*E16,2) -> 100.48
B17: Jogo chave fenda cruzada isolada | C17: Conjunto | D17: 1 | E17: 94.67 | F17: =ROUND(D17*E17,2) -> 94.67
B18: Conjunto de brocas para concreto, mínimo 5 peças, bitolas de 4, 5, 6, 8 e 10 mm | C18: Conjunto | D18: 4 | E18: 30.94 | F18: =ROUND(D18*E18,2) -> 123.76
... B55: Trincha | C55: Unidade | D55: 10 | E55: 11.19 | F55: =ROUND(D55*E55,2) -> 111.9
B56: CUSTO ANUAL DOS MATERIAIS | F56: =SUM(F7:F55) -> 3036.83
B57: CUSTO MENSAL DOS MATERIAIS | F57: =ROUND(F56/12,2) -> 253.07
B59: UNIFORMES E EPI | C59: UNIDADE | D59: QTDE ANUAL | E59: VALOR UNIT. | F59: CUSTO ANUAL
B61: Bota de segurança de couro, antiderrapante, preta | C61: Par | D61: 4 | E61: 58.17 | F61: =ROUND(D61*E61,2) -> 232.68
B62: Calça de uniforme, brim, cinza | C62: Unidade | D62: 4 | E62: 66.82 | F62: =ROUND(D62*E62,2) -> 267.28
B63: Camiseta de uniforme, algodão, manga curta, cinza | C63: Unidade | D63: 6 | E63: 31.02 | F63: =ROUND(D63*E63,2) -> 186.12
B64: Camiseta de uniforme, algodão, manga longa, cinza | C64: Unidade | D64: 6 | E64: 28.13 | F64: =ROUND(D64*E64,2) -> 168.78
B65: Capacete de segurança NR-10 classe B | C65: Unidade | D65: 1 | E65: 37.62 | F65: =ROUND(D65*E65,2) -> 37.62
B66: Óculos de proteção | C66: Unidade | D66: 2 | E66: 5.01 | F66: =ROUND(D66*E66,2) -> 10.02
B67: Máscara de proteção facial | C67: Unidade | D67: 1 | E67: 40.1 | F67: =ROUND(D67*E67,2) -> 40.1
B68: Protetor auricular | C68: Unidade | D68: 4 | E68: 2.95 | F68: =ROUND(D68*E68,2) -> 11.8
B69: Protetor solar FPS mínimo 30 | C69: Unidade | D69: 12 | E69: 11.04 | F69: =ROUND(D69*E69,2) -> 132.48
B70: Jaleco de tecido de Brim (100% algodão) | C70: Unidade | D70: 2 | E70: 51.95 | F70: =ROUND(D70*E70,2) -> 103.9
B71: Jaqueta forrrada | C71: Unidade | D71: 2 | E71: 119.62 | F71: =ROUND(D71*E71,2) -> 239.24
B72: Luvas emborrachadas em nitrílico | C72: Par | D72: 2 | E72: 5.69 | F72: =ROUND(D72*E72,2) -> 11.38
... B76: Luva de cobertura em vaqueta | C76: Par | D76: 1 | E76: 37.93 | F76: =ROUND(D76*E76,2) -> 37.93
B77: CUSTO ANUAL DOS UNIFORMES | F77: =SUM(F61:F76) -> 1867.37
B78: CUSTO MENSAL DOS UNIFORMES | F78: =ROUND(F77/12,2) -> 155.61
B80: OUTROS | C80: UNIDADE | D80: QTDE ANUAL | E80: VALOR UNIT. | F80: CUSTO ANUAL | G80: QTDE P/ PEDIDO | H80: QTDE TOTAL
B82: Tinta acrílica emborrachada, primeira linha, ABRAFATI/NBR 11702, acabamento fosco (ver ESP-05) | C82: Lata 18L | D82: 14 | E82: 408.58 | F82: =ROUND(E82*D82,2) -> 5720.12 | G82: 7 | H82: =G82*2 -> 14
B83: Tinta esmalte sintético à base de água para elementos de madeira, semibrilho (ver ESP-06) | C83: Lata 3,6L | D83: 5 | E83: 132.98 | F83: =ROUND(E83*D83,2) -> 664.9 | G83: 5 | H83: =G83*2 -> 10
B84: Tinta esmalte sintético à base de solvente para elementos metálicos, semibrilho (ver ESP-07) | C84: Lata 3,6L | D84: 8 | E84: 127.36 | F84: =ROUND(E84*D84,2) -> 1018.88 | G84: 4 | H84: =G84*2 -> 8
B85: Cimento tipo 5 | C85: Saco 40kg | D85: 16 | E85: 35.78 | F85: =ROUND(E85*D85,2) -> 572.48 | G85: 4 | H85: =G85*4 -> 16
B86: Argamassa tipo graute | C86: Saco 25kg | D86: 8 | E86: 44.35 | F86: =ROUND(E86*D86,2) -> 354.8 | G86: 2 | H86: =G86*4 -> 8
B87: CUSTO ANUAL DOS MATERIAIS | F87: =SUM(F82:F86) -> 8331.18
B88: CUSTO MENSAL DOS MATERIAIS | F88: =ROUND(F87/12,2) -> 694.27
B91: EQUIPAMENTOS | C91: UNIDADE | D91: QTDE | E91: VALOR UNIT. | F91: CUSTO ANUAL | G91: DEPREC. (meses) | H91: QTDE ANUAL
B93: Carro de transporte de carga com 2 rodas formato L, carga de no mínimo 400KG | C93: Unidade | D93: 1 | E93: 719 | F93: =ROUND(H93*E93,2) -> 143.8 | G93: 60 | H93: =12/G93*D93 -> 0.2
B94: Escada Articulada de, no mínimo, 12 degraus | C94: Unidade | D94: 0 | E94: 611.89 | F94: =ROUND(H94*E94,2) -> 0 | G94: 30 | H94: =12/G94*D94 -> 0
B95: Esmerilhadeira 850W | C95: Unidade | D95: 0 | E95: 350.61 | F95: =ROUND(H95*E95,2) -> 0 | G95: 24 | H95: =12/G95*D95 -> 0
B96: Lixadeira orbital 350W | C96: Unidade | D96: 1 | E96: 277.03 | F96: =ROUND(H96*E96,2) -> 138.52 | G96: 24 | H96: =12/G96*D96 -> 0.5
B97: Parafusadeira Elétrica a bateria 18V | C97: Unidade | D97: 1 | E97: 512.45 | F97: =ROUND(H97*E97,2) -> 204.98 | G97: 30 | H97: =12/G97*D97 -> 0.4
B98: Furadeira mínimo 600W | C98: Unidade | D98: 1 | E98: 393.79 | F98: =ROUND(H98*E98,2) -> 196.9 | G98: 24 | H98: =12/G98*D98 -> 0.5
B99: Serra Tico Tico mínimo 550W | C99: Unidade | D99: 1 | E99: 354.09 | F99: =ROUND(H99*E99,2) -> 141.64 | G99: 30 | H99: =12/G99*D99 -> 0.4
B100: CUSTO ANUAL DOS EQUIPAMENTOS | F100: =SUM(F93:F99) -> 825.84
B101: CUSTO MENSAL DOS EQUIPAMENTOS | F101: =ROUND(F100/12,2) -> 68.82
B103: JARDINEIRO
B105: DESCRIÇÃO DOS MATERIAIS | C105: UNIDADE | D105: QTDE ANUAL | E105: VALOR UNIT. | F105: CUSTO ANUAL
B107: Ancinho com cabo | C107: Unidade | D107: 1 | E107: 49.78 | F107: =ROUND(D107*E107,2) -> 49.78
B108: Cesto tipo balaio | C108: Unidade | D108: 1 | E108: 64.4 | F108: =ROUND(D108*E108,2) -> 64.4
B109: Enxada | C109: Unidade | D109: 1 | E109: 44.4 | F109: =ROUND(D109*E109,2) -> 44.4
B110: Enxó | C110: Unidade | D110: 1 | E110: 43.23 | F110: =ROUND(D110*E110,2) -> 43.23
B111: Facão | C111: Unidade | D111: 1 | E111: 39.98 | F111: =ROUND(D111*E111,2) -> 39.98
B112: Foice | C112: Unidade | D112: 1 | E112: 36.97 | F112: =ROUND(D112*E112,2) -> 36.97
B113: Machado | C113: Unidade | D113: 1 | E113: 55.77 | F113: =ROUND(D113*E113,2) -> 55.77
B114: Mangueira para jardim com 50m | C114: Unidade | D114: 2 | E114: 136.11 | F114: =ROUND(D114*E114,2) -> 272.22
B115: Cavadeira articulada | C115: Unidade | D115: 1 | E115: 40.21 | F115: =ROUND(D115*E115,2) -> 40.21
B116: Cavadeira reta com cabo metálico | C116: Unidade | D116: 1 | E116: 61.35 | F116: =ROUND(D116*E116,2) -> 61.35
B117: Pá de bico/abaulada | C117: Unidade | D117: 1 | E117: 58.69 | F117: =ROUND(D117*E117,2) -> 58.69
B118: Pá de corte | C118: Unidade | D118: 1 | E118: 57.75 | F118: =ROUND(D118*E118,2) -> 57.75
... B129: Bobina de fio de nylon quadrado, 2,7mm, 2kg, para roçadeira a gasolina | C129: Unidade | D129: 3 | E129: 132 | F129: =ROUND(D129*E129,2) -> 396
B130: CUSTO ANUAL DOS MATERIAIS | F130: =SUM(F107:F129) -> 2708.09
B131: CUSTO MENSAL DOS MATERIAIS | F131: =ROUND(F130/12,2) -> 225.67
B133: MATERIAIS COMPLEMENTARES | C133: UNIDADE | D133: QTDE ANUAL | E133: VALOR UNIT. | F133: CUSTO ANUAL | G133: QTDE MENSAL
B135: Gasolina para máquinas | C135: Litro | D135: 300 | E135: 6.5 | F135: =ROUND(D135*E135,2) -> 1950
B136: Óleo 2 tempos para máquinas (no caso de roçadeira/cortador com motor 2 tempos) | C136: 500ml | D136: 24 | E136: 20.86 | F136: =ROUND(D136*E136,2) -> 500.64 | G136: 25
B137: CUSTO ANUAL DOS MATERIAIS COMPLEMENTARES | F137: =SUM(F135:F136) -> 2450.64
B138: CUSTO MENSAL DOS MATERIAIS COMPLEMENTARES | F138: =ROUND(F137/12,2) -> 204.22
B140: EQUIPAMENTOS | C140: UNIDADE | D140: QTDE ANUAL | E140: VALOR UNIT. | F140: CUSTO ANUAL | G140: QTDE | H140: DEPREC. (meses)
B142: Cortador de grama a gasolina com recolhedor | C142: Unidade | D142: 0.5 | E142: 2369.94 | F142: =ROUND(D142*E142,2) -> 1184.97 | H142: 24
B143: Roçadeira a gasolina | C143: Unidade | D143: =12/H143*G143 -> 0.5 | E143: 778.35 | F143: =ROUND(D143*E143,2) -> 389.18 | G143: 1 | H143: 24
B144: Soprador de folhas a gasolina | C144: Unidade | D144: =12/H144*G144 -> 0.5 | E144: 514 | F144: =ROUND(D144*E144,2) -> 257 | G144: 1 | H144: 24
B145: CUSTO ANUAL DOS EQUIPAMENTOS | F145: =SUM(F142:F144) -> 1831.15
B146: CUSTO MENSAL DOS EQUIPAMENTOS | F146: =ROUND(F145/12,2) -> 152.6
B148: UNIFORMES E EPI | C148: Unidade | D148: QTDE ANUAL | E148: VALOR UNIT. | F148: CUSTO ANUAL
B150: Bota de segurança de couro, antiderrapante, preta | C150: Par | D150: 2 | E150: 58.17 | F150: =ROUND(D150*E150,2) -> 116.34
B151: Calça de uniforme, brim, cinza | C151: Unidade | D151: 4 | E151: 66.82 | F151: =ROUND(D151*E151,2) -> 267.28
B152: Camiseta de uniforme, algodão, manga curta, cinza | C152: Unidade | D152: 6 | E152: 31.02 | F152: =ROUND(D152*E152,2) -> 186.12
B153: Camiseta de uniforme, algodão, manga longa, cinza | C153: Unidade | D153: 6 | E153: 28.13 | F153: =ROUND(D153*E153,2) -> 168.78
B154: Bota PVC cano longo | C154: Par | D154: 1 | E154: 33.16 | F154: =ROUND(D154*E154,2) -> 33.16
B155: Máscara de proteção facial | C155: Unidade | D155: 1 | E155: 40.1 | F155: =ROUND(D155*E155,2) -> 40.1
B156: Avental raspa de couro | C156: Unidade | D156: 1 | E156: 36.49 | F156: =ROUND(D156*E156,2) -> 36.49
B157: Luva látex | C157: Par | D157: 6 | E157: 5 | F157: =ROUND(D157*E157,2) -> 30
B158: Luva raspa de couro | C158: Par | D158: 1 | E158: 22.67 | F158: =ROUND(D158*E158,2) -> 22.67
B159: Óculos de proteção | C159: Unidade | D159: 2 | E159: 5.01 | F159: =ROUND(D159*E159,2) -> 10.02
B160: Protetor auricular | C160: Par | D160: 4 | E160: 2.95 | F160: =ROUND(D160*E160,2) -> 11.8
B161: Protetor solar FPS mínimo 30 | C161: Unidade | D161: 6 | E161: 11.04 | F161: =ROUND(D161*E161,2) -> 66.24
... B166: Jaqueta forrrada | C166: Unidade | D166: 1 | E166: 119.62 | F166: =ROUND(D166*E166,2) -> 119.62
B167: CUSTO ANUAL DOS UNIFORMES E EPI | F167: =SUM(F150:F166) -> 1292.72
B168: CUSTO MENSAL DOS UNIFORMES E EPI | F168: =ROUND(F167/12,2) -> 107.73
B170: QUADRO RESUMO
B172: Auxiliar de Manutenção Predial | C172: CUSTO ANUAL | E172: CUSTO MENSAL | G172: CUSTO MENSAL/POSTO
B174: Materiais | C174: =F56 -> 3036.83 | E174: =F57 -> 253.07 | G174: =ROUND(C174/12,2) -> 253.07
...

Sheet NH ESP
D1: TABELA AUXILIAR - ESPECIFICAÇÕES DETALHADAS
D2: Referênciada na coluna DESCRIÇÃO DOS MATERIAIS pelo código ESP-XX, na aba Insumos
D3: CÓDIGO | E3: ITEM | F3: ESPECIFICAÇÃO COMPLETA
D5: ESP-01 | E5: Maleta conjunto de bits, mínimo 100 peças | F5: Fenda: 3, 4, 4,5, 5 (2), 5,5, 6 (2), 6,5, 7 e 8 mm. Phillips: #0, #1 (2), #2 (5), #3. Pozi: #0, #1, #2 (5), #3. Quadrado: S0, S1, S2, S3. Estrela: T8, T10 (2), T15 (2), T20 (2), T25, T27, T30, T40, T45. Hex (19 peças, 2 peças cada): 1,5 / 2 / 2,5 / 3 (x3) / 4 / 5 / 5,5 / 6 / 8 mm. Com furo central (4 un.): 4, 6, 8 e 10 mm. Estrela central (9 peças): T8, T10, T15, T20, T25, T27, T30, T35, T40. Hex com furo central (6 peças): 2, 2,5, 3, 4, 5 e 6 mm. Phillips (3 un.): #1, #2, #3. Tri-wing (4 peças): #1, #2, #3, #4. Moinho de vento (3 peças): 6, 8, 10. M-tipo (3 peças): M5, M6, M8. Suporte de bit magnético 60 mm. Adaptador de soquete de 1/4" x 50 mm. Adaptador de soquete de 1/4" x 25 mm. Conector de 1/4" x 25 mm. Gancho em forma de Y.
D11: ESP-02 | E11: Conjunto de macho | F11: M3 x 0.5 - M4 x 0.7 - M5 x 0.8 - M6 x 1.0 - M8 x 1.25 - M10 x 1.5 e M12 x 1.75, com vira macho/desandador.
D13: ESP-03 | E13: Conjunto de cossinete | F13: M3 x 0.5 - M4 x 0.7 - M5 x 0.8 - M6 x 1.0 - M8 x 1.25 - M10 x 1.5 e M12 x 1.75, com vira cossinete/desandador.
D15: ESP-04 | E15: Calibre de rosca | F15: Calibre de rosca, métrica 60° Passo (0,25mm 6'') / Whitworth 55° FPP (4° 62'').
D16: ESP-05 | E16: Tinta acrílica emborrachada (Lata 18L) obs 1 | F16: Tinta acrílica emborrachada, de primeira linha, qualificada pela ABRAFATI, que atenda a NBR 11702/2010, com elasticidade para acompanhar a movimentação natural das trincas e fissuras existentes, marca Suvinil (Proteção Total) ou similar. Cores uva verde, vitral, verde paraíso, verde bucólico, palha, pérola aveludada, concreto, branco gelo e branco neve ou outra tinta similar (a depender da atualização da nomenclatura da paleta de cores do fabricante), acabamento fosco. Inclui a pintura de muros cegos.
D21: ESP-06 | E21: Tinta esmalte sintético base água - madeira (Lata 3,6L) obs 2 | F21: Tinta esmalte sintético à base de água para serviço de pintura de elementos de madeira (portas, janelas, beirais, etc), de primeira linha, qualificada pela ABRAFATI, que atenda a NBR 11702/2010, marca Suvinil ou similar. Método de aplicação com rolo/pincel e/ou pistola. Aplicação externa. Cores uva verde, vitral, verde paraíso, verde bucólico, palha, pérola aveludada, branco neve e branco gelo ou outra tonalidade similar (a depender da atualização da nomenclatura da paleta de cores do fabricante), semibrilho.
D27: ESP-07 | E27: Tinta esmalte sintético base solvente - metálicos (Lata 3,6L) obs 3 | F27: Tinta esmalte sintético à base de solvente para serviço de pintura de elementos metálicos (estruturas metálicas - reservatório, grades de proteção, calhas de beiral, portas, janelas, portões, corrimãos, escada de marinheiro, passarela coberta, guarda-corpo, estruturas metálicas das salas modulares, etc), de primeira linha, qualificada pela ABRAFATI, que atenda a NBR 11702/2010, marca Suvinil ou similar. Método de aplicação com rolo/pincel e/ou pistola. Aplicação externa. Cor branco, verde, cinza, marrom, preto e vermelho ou outra tonalidade similar (a depender da atualização da nomenclatura da paleta de cores do fabricante), semibrilho
D33: OBS 1: As tonalidades das tintas a serem utilizadas deverão ser aprovadas pela Diretoria de Projetos e Obras. Será necessária a preparação da superfície com o uso de uma demão de fundo preparador do mesmo fabricante da tinta e específico para o tipo de tinta utilizada - não considerado no quantitativo. A pintura deverá ser feita com aplicação de no mínimo três demãos ou quantas mais forem necessárias para um perfeito cobrimento da tinta, com diluição recomendada pelo fabricante. Deverá ser utilizada fita de papel gomado para acabamento, tomando-se o cuidado para não haver respingos em outras paredes, pisos ou aberturas. O ambiente deverá ser entregue limpo e organizado ao final da pintura. Fornecimento de material para pintura, incluindo todas as tintas, pincéis, rolos, lixas, desempenadeiras, espátulas, andaimes, telas para proteção de fachadas, lonas plásticas, equipamentos de proteção individual e coletiva e quaisquer outros materiais ou equipamentos que se fizerem necessários para a completa execução do serviço, tudo por conta da CONTRATADA.
D41: OBS 2 A pintura deverá ser feita com aplicação de no mínimo duas demãos de tinta, ou até a efetiva colorização e cobrimento da superfície dos elementos de madeira. Deverá ser utilizada fita de papel gomado para acabamento, tomando-se o cuidado para não haver respingos em outras paredes, pisos ou aberturas. Previamente à pintura, deverá ser realizado o lixamento, correção das massas de vidro (massa vidraceiro) e a limpeza dos elementos de madeira, como também a correção de imperfeições e/ou rachaduras com uso massa apropriada. Após o lixamento, aplicar uma demão de fundo preparador do mesmo fabricante da tinta e específico para o tipo de tinta utilizada - não considerado no quantitativo. O ambiente deverá ser entregue limpo e organizado ao final da pintura. Fornecimento de material, incluindo todas as tintas, pincéis, rolos, lixas, desempenadeiras, espátulas, compressores, pistolas, cabos e equipamentos elétricos, andaimes, lonas plásticas, equipamentos de proteção individual e coletiva e quaisquer outros materiais ou equipamentos que se fizerem necessários para a completa execução do serviço, tudo por conta da CONTRATADA.
D50: OBS 3 A pintura deverá ser feita com aplicação de no mínimo duas demãos de tinta, ou até a efetiva colorização e cobrimento da superfície dos elementos metálicos. Deverá ser utilizada fita de papel gomado para acabamento, tomando-se o cuidado para não haver respingos em outras paredes, pisos ou aberturas. Previamente à pintura, deverá ser realizado o lixamento e limpeza dos elementos metálicos, atentando para a remoção completa da ferrugem. Após o lixamento, aplicar uma demão de fundo a base de cromato de zinco específico para superfícies metálicas (função anticorrosiva) ou convertedor de ferrugem TF-7 (se for o caso) - não considerado no quantitativo. O ambiente deverá ser entregue limpo e organizado ao final da pintura. Fornecimento de material, incluindo todas as tintas, pincéis, rolos, lixas, desempenadeiras, espátulas, compressores, pistolas, cabos e equipamentos elétricos, andaimes, lonas plásticas, equipamentos de proteção individual e coletiva e quaisquer outros materiais ou equipamentos que se fizerem necessários para a completa execução do serviço, tudo por conta da CONTRATADA.

Sheet JG RES
A1: RESUMO
A3: Base Legal | C3: Lei 14.133/2021 | E3: Nº do processo: | G3: 0000.000000.0000-00
A4: Regime de Tributação | C4: Lucro Presumido | E4: Licitação nº:
A5: Modelo de execução: | C5: DEMO c/ Conta-Vinculada | E5: UASG da contratação:
A6: DISCRIMINAÇÃO DOS SERVIÇOS
A8: Data de apresentação da proposta (dia/mês/ano)
A9: Data base do Orçamento Estimado (Planilha de Ref.)
A10: Número de meses de execução contratual | G10: 60
A11: Local de execução | G11: campus Jaguarão
A12: VALOR MENSAL DOS SERVIÇOS
J13: Divergências:
A14: Item | B14: Unidade de Execução | C14: Tipo de serviço | D14: Valor por Empregado | E14: Qtde. por Posto | F14: Valor por Posto | G14: Qtde. Postos | H14: Valor Total | J14: =COUNTIF(J17:J23,"DIVERGE") -> 0
C16: (A) | D16: (B) | E16: (C) | F16: (D) = (B x C) | G16: (E) | H16: (F) = (D x E) | J16: CONF.
A17: 1 | B17: Jaguarão | C17: Aux. Manut. Predial | D17: ='JG AM'!J195 -> 6141.38 | E17: 1 | F17: =ROUND(D17*E17,2) -> 6141.38 | G17: 1 | H17: =ROUND(F17*G17,2) -> 6141.38 | J17: =IF(ROUND(D17*E17,2)=F17,"OK","DIVERGE") -> OK | L17: =H17*60 -> 368482.8
A18: 2 | B18: Jaguarão | C18: Jardinagem | D18: ='JG JA'!J195 -> 5757.63 | E18: 1 | F18: =ROUND(D18*E18,2) -> 5757.63 | G18: 1 | H18: =ROUND(F18*G18,2) -> 5757.63 | J18: =IF(ROUND(D18*E18,2)=F18,"OK","DIVERGE") -> OK | L18: =H18*60 -> 345457.8
A19: Valor Mensal | H19: =SUM(H17:H18) -> 11899.01 | J19: =IF(SUM(H17:H18)=H19,"OK","DIVERGE") -> OK
A21: Valor Anual | H21: =ROUND(H19*12,2) -> 142788.12 | J21: =IF(ROUND(H19*12,2)=H21,"OK","DIVERGE") -> OK
A23: Valor Global | H23: =ROUND(H21*($G$10/12),2) -> 713940.6 | J23: =IF(ROUND(H21*($G$10/12),2)=H23,"OK","DIVERGE") -> OK

Sheet JG AM
A1: Item 6 do Pregão - Auxiliar de Manutenção Predial - Jaguarão
A4: Modelo de execução:
A6: 1 | B6: Tipo de Serviço (mesmo serviço com características distintas) | H6: Jardinagem
A7: 2 | B7: Classificação Brasileira de Ocupações (CBO) | H7: 5143-10
A8: 3 | B8: Salário Normativo da Categoria Profissional | H8: 1765.86
A9: 4 | B9: Categoria Profissional (vinculada à execução contratual) | H9: Auxiliar de Manutenção Predial
A10: 4.1 | B10: CCT | H10: RS000041/2026
A11: 5 | B11: Data-Base da Categoria (dia/mês/ano) | H11: 46023
A12: 6 | B12: Número de meses de execução contratual | H12: 60
A14: Módulo 1: Composição da Remuneração
A16: 1 | B16: Composição da Remuneração | H16: Percentual (R$) | J16: Valor (R$)
A18: A | B18: Salário-Base - 44h/semana - reduzido para 40h sem redução salarial cf. IN 148/2026 | J18: =ROUND(((44/6)*30)*(H8/220),2) -> 1765.86
A19: B | B19: Adicional de Periculosidade | I19: 0.3 | J19: =ROUND(I19*J18,2) -> 529.76
A20: C | B20: Adicional Noturno
A21: D | B21: Adicional de Hora Noturna Reduzida
A22: E | B22: Adicional de Hora Extra no Feriado Trabalhado
A23: F | B23: Adicional de Insalubridade | I23: 0 | J23: =ROUND(I23*J18,2) -> 0
A24: Total | J24: =SUM(J18:J23) -> 2295.62
A26: Módulo 2 – Encargos e Benefícios Anuais, Mensais e Diários
A28: Submódulo 2.1 – 13º (décimo terceiro) Salário e Adicional de Férias
A30: 2.1 | B30: 13º (décimo terceiro) Salário e Adicional de Férias | J30: Valor (R$)
A32: A | B32: 13º (décimo terceiro) Salário | I32: 0.0833 | J32: =ROUND($J$24*I32,2) -> 191.23
B33: Nota explicativa: Obrigatória a cotação de 8,33% sobre o valor do Módulo 1 – Composição da Remuneração, conforme Anexo XII da IN 5/17
A34: B | B34: Adicional de Férias | I34: 0.03025 | J34: =ROUND($J$24*I34,2) -> 69.44
B35: Nota explicativa: Obrigatória a cotação de 3,025% sobre o valor do Módulo 1 – Composição da Remuneração, conforme Anexo XII da IN 5/17 (Férias + Adicional = 9,075% + 3,025% = 12,10%)
A36: Total | J36: =SUM(J32+J34) -> 260.67
A38: C | B38: Incidência dos encargos do Submódulo 2.2 sobre o total do Submódulo 2.1 | J38: =ROUND(I54*J36,2) -> 95.93
A39: Total | J39: =J36+J38 -> 356.6
A42: Submódulo 2.2 - Encargos Previdenciários (GPS), Fundo de Garantia por Tempo de Serviço (FGTS) e outras contribuições
A44: 2.2 | B44: GPS, FGTS e outras contribuições | I44: Percentual (%) | J44: Valor (R$)
A46: A | B46: INSS | I46: 0.2 | J46: =ROUND($J$24*I46,2) -> 459.12
A47: B | B47: Salário Educação | I47: 0.025 | J47: =ROUND($J$24*I47,2) -> 57.39
A48: C | B48: RAT x FAP | E48: RAT = | F48: 0.03 | G48: FAP = | H48: 1 | I48: =ROUND((F48*H48),6) -> 0.03 | J48: =ROUND($J$24*I48,2) -> 68.87
A49: D | B49: SESC ou SESI | I49: 0.015 | J49: =ROUND($J$24*I49,2) -> 34.43
A50: E | B50: SENAC ou SENAI | I50: 0.01 | J50: =ROUND($J$24*I50,2) -> 22.96
A51: F | B51: SEBRAE | I51: 0.006 | J51: =ROUND($J$24*I51,2) -> 13.77
A52: G | B52: INCRA | I52: 0.002 | J52: =ROUND($J$24*I52,2) -> 4.59
A53: H | B53: FGTS | I53: 0.08 | J53: =ROUND($J$24*I53,2) -> 183.65
A54: Total | I54: =SUM(I46:I53) -> 0.368 | J54: =SUM(J46:J53) -> 844.78
A57: Submódulo 2.3 – Benefícios Mensais e Diários
A59: 2.3 | B59: Benefícios Mensais e Diários | J59: Valor (R$)
A61: A | B61: Transporte | F61: Cálculo do valor: [(2xVTx22) – (6%xSB)] | J61: =IF(ROUND((I64*I62*I63)-(J18*I65),2)<0,0,ROUND((I64*I62*I63)-(J18*I65),2)) -> 48.05
B62: A.1) Valor da passagem | F62: Base legal: Decreto 096/2021 - JG | I62: 3.5 | J62: -
B63: A.2) Quantidade de passagens por dia por empregado: | I63: 2
B64: A.3) Quantidade de dias do mês de recebimento de passagens | I64: 22
B65: A.4) Participação do empregado em percentual do salário-base | I65: 0.06
A66: B | B66: Auxílio-Refeição/Alimentação | F66: Cálculo do valor = [(22xVA)x(1-0,19)] | J66: =ROUND(I68*I67*(1-I69),2) -> 483.81
B67: B.1) Valor do auxílio-alimentação | F67: Clausula da CCT: | G67: 20ª | I67: 27.15 | J67: -
B68: B.2) Quantidade de dias do mês de recebimento de auxílio-alimentação | I68: 22
B69: B.3) Participação do empregado em percentual do valor do auxílio-alimentação | I69: 0.19
A70: C | B70: Seguro contra riscos de acidente de trabalho | J70: 0
A71: D | B71: Plano de Benefício Social Familiar | F71: Clausula da CCT: | G71: 31ª | J71: 25.52
A72: E | B72: Prêmio Assiduidade | F72: Clausula da CCT: | G72: 19ª | J72: 80
A73: Total | J73: =SUM(J61:J72) -> 637.38
A76: Quadro-Resumo do Módulo 2 – Encargos e Benefícios Anuais, Mensais e Diários
A78: 2 | B78: Encargos e Benefícios Anuais, Mensais e Diários | J78: Valor (R$)
A80: 2.1 | B80: 13º (décimo terceiro) Salário e Adicional de Férias | J80: =J39 -> 356.6
A81: 2.2 | B81: GPS, FGTS e outras contribuições | J81: =J54 -> 844.78
A82: 2.3 | B82: Benefícios Mensais e Diários | J82: =J73 -> 637.38
A83: Total | J83: =SUM(J80+J81+J82) -> 1838.76
A86: Módulo 3 - Provisão para Rescisão
A88: 3 | B88: Provisão para Rescisão | J88: Valor (R$)
A90: A | B90: Aviso Prévio Indenizado | J90: =ROUND((($J$24/12)+($J$32/12)+($J$24*0.121/12))*(30/30)*0.05,2) -> 11.52
B91: Aviso-prévio indenizado Cálculo do valor = {Rem/12 + 13º/12=(Rem/12)/12 + Férias/12=(Rem/12)/12 + (1/3xFérias)/12=1/3x[(Rem/12)/12]} x (30/30=1) x 5% de rotatividade anual - Os reflexos de 13º, F e 1/3F são referentes a 1 mês de APInd
A92: B | B92: Incidência do FGTS sobre o Aviso Prévio Indenizado | J92: =ROUND($J$90*I53,2) -> 0.92
A93: C | B93: Aviso Prévio Trabalhado | J93: =ROUND(((($J$24/30)*7)/$H$12)*1,2) -> 8.93
B94: Cálculo do valor= [(Rem/30)x7]/60 meses do contratox100% dos empregados - ao final do contrato
A95: D | B95: Incidência dos encargos do Submódulo 2.2 sobre o Aviso Prévio Trabalhado | J95: =ROUND($I$54*J93,2) -> 3.29
A96: E | B96: Multa do FGTS e contribuição social sobre o Aviso Prévio Trabalhado e Aviso Prévio Indenizado. | I96: 0.04 | J96: =ROUND($J$24*I96,2) -> 91.82
B97: Obrigatória a cotação de 4,00% sobre o valor do Módulo 1 – Composição da Remuneração, conforme Anexo XII da IN Seges nº 5/2017
A98: Total | J98: =SUM(J90:J96) -> 116.48
A101: Módulo 4 - Custo de Reposição do Profissional Ausente
A103: Base de cálculo para o Custo de Reposição do Profissional Ausente (substituto): | J103: =J107+J24+J32+J34 -> 2764.62
A104: BCCPA = Rem + 13º + Férias + 1/3Férias
A105: 4.1 | B105: Substituto nas Ausências Legais | J105: Valor (R$)
A107: A | B107: Subsitituto na cobertura de Férias | I107: 0.09075 | J107: =ROUND(($J$24*I107),2) -> 208.33
A108: B | B108: Subsitituto na cobertura de Ausências Legais | J108: =ROUND((($J$103/30)*2.96)/12,2) -> 22.73
F109: Cálculo do valor = [(BCCPA/30)x2,96dias]/12
A110: C | B110: Subsitituto na cobertura de Licença-Paternidade | J110: =ROUND((($J$103/30)*5)/12*0.015,2) -> 0.58
F111: Cálculo do valor = {[(BCCPA/30)x5dias]/12}x1,5%
A112: D | B112: Subsitituto na cobertura de Ausência por acidente de trabalho | J112: =ROUND(((($J$103/30)*0.97)/12),2) -> 7.45
F113: Cálculo do valor = {[(BCCPA/30)x0,97dias]/12}
A114: E | B114: Subsitituto na cobertura de Afastamento Maternidade | J114: =ROUND(((((J24*0.121)+(I54)*(J24*0.121))*(4/12)))*0.02,2)+ROUND(((I53*J24+I54*J32+J73-J61-J66+J98)*4/12)*0.02,2) -> 5.7
B115: Cálculo do valor = [((Férias + Férias / 3) + SUB2.2 x (Férias + Férias / 3)) x (4/12)] x 2% + [( FGTS x Rem + SUB 2.2 x 13º + SUB2.3 – VA – VT + MÓD3) x (4/12)] } x 2%
B116: Nota explicativa: Não incide Contribuição Previdenciária Patronal (INSS + 3ªs entidades) sobre a Remuneração da empregada residente nos 4 meses de Afastamento, conforme Solução de Consulta Cosit/RFB nº 27/2023, publicada na pág. 20 da Seção 1 do DOU de 09/02/2023. A Remuneração e o 13º da empregada residente poderão ser compensados, por isso não constam da fórmula.
A117: F | B117: Subsitituto na cobertura de Ausência por doença | J117: =ROUND(((($J$103/30)*3)/12),2) -> 23.04
F118: Cálculo do valor = [(BCCPA)/30)x3dias]/12
A119: Total | J119: =SUM(J107:J117) -> 267.83
A121: G | B121: Incidência dos encargos do Submódulo 2.2 sobre o total do Submódulo 4.1 | J121: =ROUND(I54*J119,2) -> 98.56
A122: Total | J122: =SUM(J119:J121) -> 366.39
A124: Submódulo 4.2 – Subistituto na Intrajornada
A126: 4.2 | B126: Substituto na Intrajornada | J126: Valor (R$)
A128: A | B128: Subsitituto na cobertura de Intervalo para repouso ou alimentação | J128: 0
A129: Total | J129: 0
A131: B | B131: Incidência dos encargos do Submódulo 2.2 sobre o total do Submódulo 4.2 | J131: =ROUND(I54*J129,2) -> 0
A132: Total | J132: =SUM(J129:J131) -> 0
A135: Quadro-Resumo do Módulo 4 – Custo de Reposição do Profissional Ausente
A137: 4 | B137: Custo de Reposição do Profissional Ausente | J137: Valor (R$)
A139: 4.1 | B139: Ausências Legais | J139: =J122 -> 366.39
A140: 4.2 | B140: Intrajornada | J140: =J132 -> 0
...

Sheet JG JA
A1: Item 3 do Pregão - Jardinagem - Jaguarão
A4: Modelo de execução:
A6: 1 | B6: Tipo de Serviço (mesmo serviço com características distintas) | H6: Jardinagem
A7: 2 | B7: Classificação Brasileira de Ocupações (CBO) | H7: 6220-10
A8: 3 | B8: Salário Normativo da Categoria Profissional | H8: 1765.86
A9: 4 | B9: Categoria Profissional (vinculada à execução contratual) | H9: Jardineiro(a)
A10: 4.1 | B10: CCT | H10: RS000041/2026
A11: 5 | B11: Data-Base da Categoria (dia/mês/ano) | H11: 46023
A12: 6 | B12: Número de meses de execução contratual | H12: 60
A14: Módulo 1: Composição da Remuneração
A16: 1 | B16: Composição da Remuneração | H16: Percentual (R$) | J16: Valor (R$)
A18: A | B18: Salário-Base - 44h/semana - reduzido para 40h sem redução salarial cf. IN 148/2026 | J18: =ROUND(((44/6)*30)*(H8/220),2) -> 1765.86
A19: B | B19: Adicional de Periculosidade | I19: 0 | J19: =ROUND(I19*J18,2) -> 0
A20: C | B20: Adicional Noturno
A21: D | B21: Adicional de Hora Noturna Reduzida
A22: E | B22: Adicional de Hora Extra no Feriado Trabalhado
A23: F | B23: Adicional de Insalubridade | I23: 0.2 | J23: =ROUND(I23*J18,2) -> 353.17
A24: Total | J24: =SUM(J18:J23) -> 2119.03
A26: Módulo 2 – Encargos e Benefícios Anuais, Mensais e Diários
A28: Submódulo 2.1 – 13º (décimo terceiro) Salário e Adicional de Férias
A30: 2.1 | B30: 13º (décimo terceiro) Salário e Adicional de Férias | J30: Valor (R$)
A32: A | B32: 13º (décimo terceiro) Salário | I32: 0.0833 | J32: =ROUND($J$24*I32,2) -> 176.52
B33: Nota explicativa: Obrigatória a cotação de 8,33% sobre o valor do Módulo 1 – Composição da Remuneração, conforme Anexo XII da IN 5/17
A34: B | B34: Adicional de Férias | I34: 0.03025 | J34: =ROUND($J$24*I34,2) -> 64.1
B35: Nota explicativa: Obrigatória a cotação de 3,025% sobre o valor do Módulo 1 – Composição da Remuneração, conforme Anexo XII da IN 5/17 (Férias + Adicional = 9,075% + 3,025% = 12,10%)
A36: Total | J36: =SUM(J32+J34) -> 240.62
A38: C | B38: Incidência dos encargos do Submódulo 2.2 sobre o total do Submódulo 2.1 | J38: =ROUND(I54*J36,2) -> 88.55
A39: Total | J39: =J36+J38 -> 329.17
A42: Submódulo 2.2 - Encargos Previdenciários (GPS), Fundo de Garantia por Tempo de Serviço (FGTS) e outras contribuições
A44: 2.2 | B44: GPS, FGTS e outras contribuições | I44: Percentual (%) | J44: Valor (R$)
A46: A | B46: INSS | I46: 0.2 | J46: =ROUND($J$24*I46,2) -> 423.81
A47: B | B47: Salário Educação | I47: 0.025 | J47: =ROUND($J$24*I47,2) -> 52.98
A48: C | B48: RAT x FAP | E48: RAT = | F48: 0.03 | G48: FAP = | H48: 1 | I48: =ROUND((F48*H48),6) -> 0.03 | J48: =ROUND($J$24*I48,2) -> 63.57
A49: D | B49: SESC ou SESI | I49: 0.015 | J49: =ROUND($J$24*I49,2) -> 31.79
A50: E | B50: SENAC ou SENAI | I50: 0.01 | J50: =ROUND($J$24*I50,2) -> 21.19
A51: F | B51: SEBRAE | I51: 0.006 | J51: =ROUND($J$24*I51,2) -> 12.71
A52: G | B52: INCRA | I52: 0.002 | J52: =ROUND($J$24*I52,2) -> 4.24
A53: H | B53: FGTS | I53: 0.08 | J53: =ROUND($J$24*I53,2) -> 169.52
A54: Total | I54: =SUM(I46:I53) -> 0.368 | J54: =SUM(J46:J53) -> 779.81
A57: Submódulo 2.3 – Benefícios Mensais e Diários
A59: 2.3 | B59: Benefícios Mensais e Diários | J59: Valor (R$)
A61: A | B61: Transporte | F61: Cálculo do valor: [(2xVTx22) – (6%xSB)] | J61: =IF(ROUND((I64*I62*I63)-(J18*I65),2)<0,0,ROUND((I64*I62*I63)-(J18*I65),2)) -> 48.05
B62: A.1) Valor da passagem | F62: Base legal: Decreto 096/2021 - JG | I62: 3.5 | J62: -
B63: A.2) Quantidade de passagens por dia por empregado: | I63: 2
B64: A.3) Quantidade de dias do mês de recebimento de passagens | I64: 22
B65: A.4) Participação do empregado em percentual do salário-base | I65: 0.06
A66: B | B66: Auxílio-Refeição/Alimentação | F66: Cálculo do valor = [(22xVA)x(1-0,19)] | J66: =ROUND(I68*I67*(1-I69),2) -> 483.81
B67: B.1) Valor do auxílio-alimentação | E67: Clausula da CCT: | G67: 20ª | I67: 27.15 | J67: -
B68: B.2) Quantidade de dias do mês de recebimento de auxílio-alimentação | I68: 22
B69: B.3) Participação do empregado em percentual do valor do auxílio-alimentação | I69: 0.19
A70: C | B70: Seguro contra riscos de acidente de trabalho | J70: 0
A71: D | B71: Plano de Benefício Social Familiar | E71: Clausula da CCT: | G71: 31ª | J71: 25.52
A72: E | B72: Prêmio Assiduidade | E72: Clausula da CCT: | G72: 19ª | J72: 80
A73: Total | J73: =SUM(J61:J72) -> 637.38
A76: Quadro-Resumo do Módulo 2 – Encargos e Benefícios Anuais, Mensais e Diários
A78: 2 | B78: Encargos e Benefícios Anuais, Mensais e Diários | J78: Valor (R$)
A80: 2.1 | B80: 13º (décimo terceiro) Salário e Adicional de Férias | J80: =J39 -> 329.17
A81: 2.2 | B81: GPS, FGTS e outras contribuições | J81: =J54 -> 779.81
A82: 2.3 | B82: Benefícios Mensais e Diários | J82: =J73 -> 637.38
A83: Total | J83: =SUM(J80+J81+J82) -> 1746.36
A86: Módulo 3 - Provisão para Rescisão
A88: 3 | B88: Provisão para Rescisão | J88: Valor (R$)
A90: A | B90: Aviso Prévio Indenizado | J90: =ROUND((($J$24/12)+($J$32/12)+($J$24*0.121/12))*(30/30)*0.05,2) -> 10.63
B91: Aviso-prévio indenizado Cálculo do valor = {Rem/12 + 13º/12=(Rem/12)/12 + Férias/12=(Rem/12)/12 + (1/3xFérias)/12=1/3x[(Rem/12)/12]} x (30/30=1) x 5% de rotatividade anual - Os reflexos de 13º, F e 1/3F são referentes a 1 mês de APInd
A92: B | B92: Incidência do FGTS sobre o Aviso Prévio Indenizado | J92: =ROUND($J$90*I53,2) -> 0.85
A93: C | B93: Aviso Prévio Trabalhado | J93: =ROUND(((($J$24/30)*7)/$H$12)*1,2) -> 8.24
B94: Cálculo do valor= [(Rem/30)x7]/60 meses do contratox100% dos empregados - ao final do contrato
A95: D | B95: Incidência dos encargos do Submódulo 2.2 sobre o Aviso Prévio Trabalhado | J95: =ROUND($I$54*J93,2) -> 3.03
A96: E | B96: Multa do FGTS e contribuição social sobre o Aviso Prévio Trabalhado e Aviso Prévio Indenizado. | I96: 0.04 | J96: =ROUND($J$24*I96,2) -> 84.76
B97: Obrigatória a cotação de 4,00% sobre o valor do Módulo 1 – Composição da Remuneração, conforme Anexo XII da IN Seges nº 5/2017
A98: Total | J98: =SUM(J90:J96) -> 107.51
A101: Módulo 4 - Custo de Reposição do Profissional Ausente
A103: Base de cálculo para o Custo de Reposição do Profissional Ausente (substituto): | J103: =J107+J24+J32+J34 -> 2551.95
A104: BCCPA = Rem + 13º + Férias + 1/3Férias
A105: 4.1 | B105: Substituto nas Ausências Legais | J105: Valor (R$)
A107: A | B107: Subsitituto na cobertura de Férias | I107: 0.09075 | J107: =ROUND(($J$24*I107),2) -> 192.3
A108: B | B108: Subsitituto na cobertura de Ausências Legais | J108: =ROUND((($J$103/30)*2.96)/12,2) -> 20.98
F109: Cálculo do valor = [(BCCPA/30)x2,96dias]/12
A110: C | B110: Subsitituto na cobertura de Licença-Paternidade | J110: =ROUND((($J$103/30)*5)/12*0.015,2) -> 0.53
F111: Cálculo do valor = {[(BCCPA/30)x5dias]/12}x1,5%
A112: D | B112: Subsitituto na cobertura de Ausência por acidente de trabalho | J112: =ROUND(((($J$103/30)*0.97)/12),2) -> 6.88
F113: Cálculo do valor = {[(BCCPA/30)x0,97dias]/12}
A114: E | B114: Subsitituto na cobertura de Afastamento Maternidade | J114: =ROUND(((((J24*0.121)+(I54)*(J24*0.121))*(4/12)))*0.02,2)+ROUND(((I53*J24+I54*J32+J73-J61-J66+J98)*4/12)*0.02,2) -> 5.32
B115: Cálculo do valor = [((Férias + Férias / 3) + SUB2.2 x (Férias + Férias / 3)) x (4/12)] x 2% + [( FGTS x Rem + SUB 2.2 x 13º + SUB2.3 – VA – VT + MÓD3) x (4/12)] } x 2%
B116: Nota explicativa: Não incide Contribuição Previdenciária Patronal (INSS + 3ªs entidades) sobre a Remuneração da empregada residente nos 4 meses de Afastamento, conforme Solução de Consulta Cosit/RFB nº 27/2023, publicada na pág. 20 da Seção 1 do DOU de 09/02/2023. A Remuneração e o 13º da empregada residente poderão ser compensados, por isso não constam da fórmula.
A117: F | B117: Subsitituto na cobertura de Ausência por doença | J117: =ROUND(((($J$103/30)*3)/12),2) -> 21.27
F118: Cálculo do valor = [(BCCPA)/30)x3dias]/12
A119: Total | J119: =SUM(J107:J117) -> 247.28
A121: G | B121: Incidência dos encargos do Submódulo 2.2 sobre o total do Submódulo 4.1 | J121: =ROUND(I54*J119,2) -> 91
A122: Total | J122: =SUM(J119:J121) -> 338.28
A124: Submódulo 4.2 – Subistituto na Intrajornada
A126: 4.2 | B126: Substituto na Intrajornada | J126: Valor (R$)
A128: A | B128: Subsitituto na cobertura de Intervalo para repouso ou alimentação | J128: 0
A129: Total | J129: 0
A131: B | B131: Incidência dos encargos do Submódulo 2.2 sobre o total do Submódulo 4.2 | J131: =ROUND(I54*J129,2) -> 0
A132: Total | J132: =SUM(J129:J131) -> 0
A135: Quadro-Resumo do Módulo 4 – Custo de Reposição do Profissional Ausente
A137: 4 | B137: Custo de Reposição do Profissional Ausente | J137: Valor (R$)
A139: 4.1 | B139: Ausências Legais | J139: =J122 -> 338.28
A140: 4.2 | B140: Intrajornada | J140: =J132 -> 0
...

Sheet JG RC
A1: Planilha Auxiliar – Reembolso-Creche e Benefícios Semelhantes (campus Jaguarão)
A3: IN SEGES/MGI nº 147/2026, Anexo II — Orientação SEGES nº 45, itens 3 e 7 (Portal de Compras do Governo Federal, atualizada em 03/07/2026)
G4: Divergências:
G5: =COUNTIF(G10:G19,"DIVERGE") -> 0
A6: Parâmetros do Reembolso-Creche
A8: Teto por dependente (A) | B8: 526.64
A9: Incidência (B) | B9: 0.2
A10: Provisão por posto/mês (C) = A × B | B10: =ROUND(B8*B9,2) -> 105.33 | G10: =IF(ROUND(B8*B9,2)=B10,"OK","DIVERGE") -> OK
A12: Provisionamento por Posto
A14: Posto | B14: Qtde | C14: CITL | D14: Provisão mensal | E14: Provisão anual | G14: CONF.
B16: D | C16: E | D16: F = C × D × (1+E) | E16: G = F × 12
A17: Auxiliar de Manutenção Predial | B17: 1 | C17: ='JG AM'!$J$193/'JG AM'!$J$159 -> 0.18103893 | D17: =ROUND(B17*$B$10*(1+C17),2) -> 124.4 | E17: =ROUND(D17*12,2) -> 1492.8 | G17: =IF(ROUND(B17*$B$10*(1+C17),2)=D17,"OK","DIVERGE") -> OK
A18: Jardineiro | B18: 1 | C18: ='JG JA'!$J$193/'JG JA'!$J$159 -> 0.18104245 | D18: =ROUND(B18*$B$10*(1+C18),2) -> 124.4 | E18: =ROUND(D18*12,2) -> 1492.8 | G18: =IF(ROUND(B18*$B$10*(1+C18),2)=D18,"OK","DIVERGE") -> OK
A19: Total mensal/anual | D19: =SUM(D17:D18) -> 248.8 | E19: =SUM(E17:E18) -> 2985.6 | G19: =IF(AND(SUM(D17:D18)=D19,SUM(E17:E18)=E19),"OK","DIVERGE") -> OK
A22: OBS. 2: Esta planilha substitui, nesta contratação, a linha de Reembolso-Creche do Submódulo 2.3 (Benefícios Mensais e Diários) das abas AUX. e JARD., que foi suprimida para evitar duplicidade de registro, nos termos do item 3 da Orientação SEGES nº 45.
A23: OBS. 3: O valor mensal por empregado (Provisão mensal ÷ Qtde contratada) é somado de volta ao "Valor Total por Empregado" de cada aba (AUX./JARD., item G do Quadro-Resumo do Custo por Empregado), já com o CITL aplicado — assim o preço estimado do contrato continua refletindo esse custo.
A24: OBS. 4: Valor unitário de referência: R$ 105,33/posto/mês = 20% × R$ 526,64 (teto do Reembolso-Creche, Anexo II da IN SEGES/MGI nº 147/2026, e Guia Prático do Reembolso-Creche, abril/2026).
A25: OBS. 5: O saldo provisionado deve ser acompanhado de forma global, somando os valores destinados a todos os postos de trabalho do contrato, admitidas variações mensais na distribuição entre postos (item 5 da Orientação SEGES nº 45).
A26: OBS. 6: Nas medições mensais, os valores provisionados e não solicitados pela contratada devem ser descontados, de forma análoga à glosa do vale-transporte não utilizado (item 2 da Orientação SEGES nº 45).

Sheet JG INS
B1: QUADRO INSUMOS DOS MATERIAIS, EQUIPAMENTOS E UNIFORMES
B2: Quantitativo para 12 meses
B3: Auxiliar de Manutenção Predial
B5: DESCRIÇÃO DOS MATERIAIS | C5: UNIDADE | D5: QTDE ANUAL | E5: VALOR UNIT. | F5: CUSTO ANUAL
B7: Alicate de bico isolado | C7: Unidade | D7: 1 | E7: 22.01 | F7: =ROUND(D7*E7,2) -> 22.01
B8: Alicate de corte isolado | C8: Unidade | D8: 1 | E8: 31.27 | F8: =ROUND(D8*E8,2) -> 31.27
B9: Alicate universal isolado 8” padrão VDE 1000V | C9: Unidade | D9: 1 | E9: 51.24 | F9: =ROUND(D9*E9,2) -> 51.24
B10: Masseira plástica para argamassa | C10: Unidade | D10: 1 | E10: 22.98 | F10: =ROUND(D10*E10,2) -> 22.98
B11: Balde de pedreiro plástico | C11: Unidade | D11: 1 | E11: 16.7 | F11: =ROUND(D11*E11,2) -> 16.7
B12: Carrinho de mão | C12: Unidade | D12: 1 | E12: 141.85 | F12: =ROUND(D12*E12,2) -> 141.85
B13: Chave de teste elétrico, isolada | C13: Unidade | D13: 1 | E13: 12.11 | F13: =ROUND(D13*E13,2) -> 12.11
B14: Colher de pedreiro | C14: Unidade | D14: 1 | E14: 16.55 | F14: =ROUND(D14*E14,2) -> 16.55
B15: Corda trançada, diâmetro 12mm, mínimo 20m | C15: Unidade | D15: 1 | E15: 50.43 | F15: =ROUND(D15*E15,2) -> 50.43
B16: Jogo chave fenda chata isolada | C16: Conjunto | D16: 1 | E16: 100.48 | F16: =ROUND(D16*E16,2) -> 100.48
B17: Jogo chave fenda cruzada isolada | C17: Conjunto | D17: 1 | E17: 94.67 | F17: =ROUND(D17*E17,2) -> 94.67
B18: Conjunto de brocas para concreto, mínimo 5 peças, bitolas de 4, 5, 6, 8 e 10 mm | C18: Conjunto | D18: 4 | E18: 30.94 | F18: =ROUND(D18*E18,2) -> 123.76
... B55: Trincha | C55: Unidade | D55: 1 | E55: 11.19 | F55: =ROUND(D55*E55,2) -> 11.19
B56: CUSTO ANUAL DOS MATERIAIS | F56: =SUM(F7:F55) -> 2472.71
B57: CUSTO MENSAL DOS MATERIAIS | F57: =ROUND(F56/12,2) -> 206.06
B59: UNIFORMES E EPI | C59: UNIDADE | D59: QTDE ANUAL | E59: VALOR UNIT. | F59: CUSTO ANUAL
B61: Bota de segurança de couro, antiderrapante, preta | C61: Par | D61: 2 | E61: 58.17 | F61: =ROUND(D61*E61,2) -> 116.34
B62: Calça de uniforme, brim, cinza | C62: Unidade | D62: 4 | E62: 66.82 | F62: =ROUND(D62*E62,2) -> 267.28
B63: Camiseta de uniforme, algodão, manga curta, cinza | C63: Unidade | D63: 6 | E63: 31.02 | F63: =ROUND(D63*E63,2) -> 186.12
B64: Camiseta de uniforme, algodão, manga longa, cinza | C64: Unidade | D64: 6 | E64: 28.13 | F64: =ROUND(D64*E64,2) -> 168.78
B65: Capacete de segurança NR-10 classe B | C65: Unidade | D65: 1 | E65: 37.62 | F65: =ROUND(D65*E65,2) -> 37.62
B66: Óculos de proteção | C66: Unidade | D66: 2 | E66: 5.01 | F66: =ROUND(D66*E66,2) -> 10.02
B67: Máscara de proteção facial | C67: Unidade | D67: 1 | E67: 40.1 | F67: =ROUND(D67*E67,2) -> 40.1
B68: Protetor auricular | C68: Unidade | D68: 4 | E68: 2.95 | F68: =ROUND(D68*E68,2) -> 11.8
B69: Protetor solar FPS mínimo 30 | C69: Unidade | D69: 12 | E69: 11.04 | F69: =ROUND(D69*E69,2) -> 132.48
B70: Jaleco de tecido de Brim (100% algodão) | C70: Unidade | D70: 2 | E70: 51.95 | F70: =ROUND(D70*E70,2) -> 103.9
B71: Jaqueta forrrada | C71: Unidade | D71: 2 | E71: 119.62 | F71: =ROUND(D71*E71,2) -> 239.24
B72: Luvas emborrachadas em nitrílico | C72: Par | D72: 2 | E72: 5.69 | F72: =ROUND(D72*E72,2) -> 11.38
... B76: Luva de cobertura em vaqueta | C76: Par | D76: 1 | E76: 41.93 | F76: =ROUND(D76*E76,2) -> 41.93
B77: CUSTO ANUAL DOS UNIFORMES | F77: =SUM(F61:F76) -> 2010.15
B78: CUSTO MENSAL DOS UNIFORMES | F78: =ROUND(F77/12,2) -> 167.51
B80: OUTROS | C80: UNIDADE | D80: QTDE ANUAL | E80: VALOR UNIT. | F80: CUSTO ANUAL | G80: QTDE P/ PEDIDO | H80: QTDE TOTAL
B82: Tinta acrílica emborrachada, primeira linha, ABRAFATI/NBR 11702, acabamento fosco (ver ESP-05) | C82: Lata 18L | D82: 0 | E82: 408.58 | F82: =ROUND(E82*D82,2) -> 0 | G82: 0 | H82: =G82*2 -> 0
B83: Tinta esmalte sintético à base de água para elementos de madeira, semibrilho (ver ESP-06) | C83: Lata 3,6L | D83: 0 | E83: 132.98 | F83: =ROUND(E83*D83,2) -> 0 | G83: 0 | H83: =G83*2 -> 0
B84: Tinta esmalte sintético à base de solvente para elementos metálicos, semibrilho (ver ESP-07) | C84: Lata 3,6L | D84: 0 | E84: 127.36 | F84: =ROUND(E84*D84,2) -> 0 | G84: 0 | H84: =G84*2 -> 0
B85: Cimento tipo 5 | C85: Saco 40kg | D85: 0 | E85: 38.7 | F85: =ROUND(E85*D85,2) -> 0 | G85: 0 | H85: =G85*4 -> 0
B86: Argamassa tipo graute | C86: Saco 25kg | D86: 0 | E86: 44.35 | F86: =ROUND(E86*D86,2) -> 0 | G86: 0 | H86: =G86*4 -> 0
B87: CUSTO ANUAL DOS MATERIAIS | F87: =SUM(F82:F86) -> 0
B88: CUSTO MENSAL DOS MATERIAIS | F88: =ROUND(F87/12,2) -> 0
B91: EQUIPAMENTOS | C91: UNIDADE | D91: QTDE | E91: VALOR UNIT. | F91: CUSTO ANUAL | G91: DEPREC. (meses) | H91: QTDE ANUAL
B93: Carro de transporte de carga com 2 rodas formato L, carga de no mínimo 400KG | C93: Unidade | D93: 1 | E93: 719 | F93: =ROUND(H93*E93,2) -> 143.8 | G93: 60 | H93: =12/G93*D93 -> 0.2
B94: Escada Articulada de, no mínimo, 12 degraus | C94: Unidade | D94: 1 | E94: 611.89 | F94: =ROUND(H94*E94,2) -> 244.76 | G94: 30 | H94: =12/G94*D94 -> 0.4
B95: Esmerilhadeira 850W | C95: Unidade | D95: 1 | E95: 350.61 | F95: =ROUND(H95*E95,2) -> 175.31 | G95: 24 | H95: =12/G95*D95 -> 0.5
B96: Lixadeira orbital 350W | C96: Unidade | D96: 1 | E96: 277.03 | F96: =ROUND(H96*E96,2) -> 138.52 | G96: 24 | H96: =12/G96*D96 -> 0.5
B97: Parafusadeira Elétrica a bateria 18V | C97: Unidade | D97: 1 | E97: 512.45 | F97: =ROUND(H97*E97,2) -> 204.98 | G97: 30 | H97: =12/G97*D97 -> 0.4
B98: Furadeira mínimo 600W | C98: Unidade | D98: 1 | E98: 393.79 | F98: =ROUND(H98*E98,2) -> 196.9 | G98: 24 | H98: =12/G98*D98 -> 0.5
B99: Serra Tico Tico mínimo 550W | C99: Unidade | D99: 1 | E99: 354.09 | F99: =ROUND(H99*E99,2) -> 141.64 | G99: 30 | H99: =12/G99*D99 -> 0.4
B100: CUSTO ANUAL DOS EQUIPAMENTOS | F100: =SUM(F93:F99) -> 1245.91
B101: CUSTO MENSAL DOS EQUIPAMENTOS | F101: =ROUND(F100/12,2) -> 103.83
B103: JARDINEIRO
B105: DESCRIÇÃO DOS MATERIAIS | C105: UNIDADE | D105: QTDE ANUAL | E105: VALOR UNIT. | F105: CUSTO ANUAL
B107: Ancinho com cabo | C107: Unidade | D107: 0 | E107: 49.78 | F107: =ROUND(D107*E107,2) -> 0
B108: Cesto tipo balaio | C108: Unidade | D108: 0 | E108: 64.4 | F108: =ROUND(D108*E108,2) -> 0
B109: Enxada | C109: Unidade | D109: 0 | E109: 44.4 | F109: =ROUND(D109*E109,2) -> 0
B110: Enxó | C110: Unidade | D110: 0 | E110: 43.23 | F110: =ROUND(D110*E110,2) -> 0
B111: Facão | C111: Unidade | D111: 0 | E111: 39.98 | F111: =ROUND(D111*E111,2) -> 0
B112: Foice | C112: Unidade | D112: 0 | E112: 36.97 | F112: =ROUND(D112*E112,2) -> 0
B113: Machado | C113: Unidade | D113: 0 | E113: 55.77 | F113: =ROUND(D113*E113,2) -> 0
B114: Mangueira para jardim com 50m | C114: Unidade | D114: 0 | E114: 136.11 | F114: =ROUND(D114*E114,2) -> 0
B115: Cavadeira articulada | C115: Unidade | D115: 0 | E115: 40.21 | F115: =ROUND(D115*E115,2) -> 0
B116: Cavadeira reta com cabo metálico | C116: Unidade | D116: 0 | E116: 61.35 | F116: =ROUND(D116*E116,2) -> 0
B117: Pá de bico/abaulada | C117: Unidade | D117: 0 | E117: 58.69 | F117: =ROUND(D117*E117,2) -> 0
B118: Pá de corte | C118: Unidade | D118: 0 | E118: 57.75 | F118: =ROUND(D118*E118,2) -> 0
... B129: Bobina de fio de nylon quadrado, 2,7mm, 2kg, para roçadeira a gasolina | C129: Unidade | D129: 3 | E129: 132 | F129: =ROUND(D129*E129,2) -> 396
B130: CUSTO ANUAL DOS MATERIAIS | F130: =SUM(F107:F129) -> 1112.69
B131: CUSTO MENSAL DOS MATERIAIS | F131: =ROUND(F130/12,2) -> 92.72
B133: MATERIAIS COMPLEMENTARES | C133: UNIDADE | D133: QTDE ANUAL | E133: VALOR UNIT. | F133: CUSTO ANUAL | G133: QTDE MENSAL
B135: Gasolina para máquinas | C135: Litro | D135: =G135*12 -> 300 | E135: 6.5 | F135: =ROUND(D135*E135,2) -> 1950 | G135: 25
B136: Óleo 2 tempos para máquinas (no caso de roçadeira/cortador com motor 2 tempos) | C136: 500ml | D136: =G136*12 -> 24 | E136: 20.86 | F136: =ROUND(D136*E136,2) -> 500.64 | G136: 2
B137: CUSTO ANUAL DOS MATERIAIS COMPLEMENTARES | F137: =SUM(F135:F136) -> 2450.64
B138: CUSTO MENSAL DOS MATERIAIS COMPLEMENTARES | F138: =ROUND(F137/12,2) -> 204.22
B140: EQUIPAMENTOS | C140: UNIDADE | D140: QTDE ANUAL | E140: VALOR UNIT. | F140: CUSTO ANUAL | G140: QTDE | H140: DEPREC. (meses)
B142: Cortador de grama a gasolina com recolhedor | C142: Unidade | D142: =12/H142*G142 -> 0 | E142: 2369.94 | F142: =ROUND(D142*E142,2) -> 0 | G142: 0 | H142: 24
B143: Roçadeira a gasolina | C143: Unidade | D143: =12/H143*G143 -> 0.5 | E143: 778.35 | F143: =ROUND(D143*E143,2) -> 389.18 | G143: 1 | H143: 24
B144: Soprador de folhas a gasolina | C144: Unidade | D144: =12/H144*G144 -> 0.5 | E144: 514 | F144: =ROUND(D144*E144,2) -> 257 | G144: 1 | H144: 24
B145: CUSTO ANUAL DOS EQUIPAMENTOS | F145: =SUM(F142:F144) -> 646.18
B146: CUSTO MENSAL DOS EQUIPAMENTOS | F146: =ROUND(F145/12,2) -> 53.85
B148: UNIFORMES E EPI | C148: Unidade | D148: QTDE ANUAL | E148: VALOR UNIT. | F148: CUSTO ANUAL
B150: Bota de segurança de couro, antiderrapante, preta | C150: Par | D150: 2 | E150: 58.17 | F150: =ROUND(D150*E150,2) -> 116.34
B151: Calça de uniforme, brim, cinza | C151: Unidade | D151: 4 | E151: 66.82 | F151: =ROUND(D151*E151,2) -> 267.28
B152: Camiseta de uniforme, algodão, manga curta, cinza | C152: Unidade | D152: 6 | E152: 31.02 | F152: =ROUND(D152*E152,2) -> 186.12
B153: Camiseta de uniforme, algodão, manga longa, cinza | C153: Unidade | D153: 6 | E153: 28.13 | F153: =ROUND(D153*E153,2) -> 168.78
B154: Bota PVC cano longo | C154: Par | D154: 1 | E154: 33.16 | F154: =ROUND(D154*E154,2) -> 33.16
B155: Máscara de proteção facial | C155: Unidade | D155: 1 | E155: 40.1 | F155: =ROUND(D155*E155,2) -> 40.1
B156: Avental raspa de couro | C156: Unidade | D156: 1 | E156: 36.49 | F156: =ROUND(D156*E156,2) -> 36.49
B157: Luva látex | C157: Par | D157: 6 | E157: 5.76 | F157: =ROUND(D157*E157,2) -> 34.56
B158: Luva raspa de couro | C158: Par | D158: 1 | E158: 18.3 | F158: =ROUND(D158*E158,2) -> 18.3
B159: Óculos de proteção | C159: Unidade | D159: 2 | E159: 5.01 | F159: =ROUND(D159*E159,2) -> 10.02
B160: Protetor auricular | C160: Par | D160: 4 | E160: 2.95 | F160: =ROUND(D160*E160,2) -> 11.8
B161: Protetor solar FPS mínimo 30 | C161: Unidade | D161: 6 | E161: 11.04 | F161: =ROUND(D161*E161,2) -> 66.24
... B166: Jaqueta forrrada | C166: Unidade | D166: 1 | E166: 119.62 | F166: =ROUND(D166*E166,2) -> 119.62
B167: CUSTO ANUAL DOS UNIFORMES E EPI | F167: =SUM(F150:F166) -> 1292.91
B168: CUSTO MENSAL DOS UNIFORMES E EPI | F168: =ROUND(F167/12,2) -> 107.74
B170: QUADRO RESUMO
B172: Auxiliar de Manutenção Predial | C172: CUSTO ANUAL | E172: CUSTO MENSAL | G172: CUSTO MENSAL/POSTO
B174: Materiais | C174: =F56 -> 2472.71 | E174: =F57 -> 206.06 | G174: =ROUND(C174/12,2) -> 206.06
...

Sheet JG ESP
D1: TABELA AUXILIAR - ESPECIFICAÇÕES DETALHADAS
D2: Referênciada na coluna DESCRIÇÃO DOS MATERIAIS pelo código ESP-XX, na aba Insumos
D3: CÓDIGO | E3: ITEM | F3: ESPECIFICAÇÃO COMPLETA
D5: ESP-01 | E5: Maleta conjunto de bits, mínimo 100 peças | F5: Fenda: 3, 4, 4,5, 5 (2), 5,5, 6 (2), 6,5, 7 e 8 mm. Phillips: #0, #1 (2), #2 (5), #3. Pozi: #0, #1, #2 (5), #3. Quadrado: S0, S1, S2, S3. Estrela: T8, T10 (2), T15 (2), T20 (2), T25, T27, T30, T40, T45. Hex (19 peças, 2 peças cada): 1,5 / 2 / 2,5 / 3 (x3) / 4 / 5 / 5,5 / 6 / 8 mm. Com furo central (4 un.): 4, 6, 8 e 10 mm. Estrela central (9 peças): T8, T10, T15, T20, T25, T27, T30, T35, T40. Hex com furo central (6 peças): 2, 2,5, 3, 4, 5 e 6 mm. Phillips (3 un.): #1, #2, #3. Tri-wing (4 peças): #1, #2, #3, #4. Moinho de vento (3 peças): 6, 8, 10. M-tipo (3 peças): M5, M6, M8. Suporte de bit magnético 60 mm. Adaptador de soquete de 1/4" x 50 mm. Adaptador de soquete de 1/4" x 25 mm. Conector de 1/4" x 25 mm. Gancho em forma de Y.
D11: ESP-02 | E11: Conjunto de macho | F11: M3 x 0.5 - M4 x 0.7 - M5 x 0.8 - M6 x 1.0 - M8 x 1.25 - M10 x 1.5 e M12 x 1.75, com vira macho/desandador.
D13: ESP-03 | E13: Conjunto de cossinete | F13: M3 x 0.5 - M4 x 0.7 - M5 x 0.8 - M6 x 1.0 - M8 x 1.25 - M10 x 1.5 e M12 x 1.75, com vira cossinete/desandador.
D15: ESP-04 | E15: Calibre de rosca | F15: Calibre de rosca, métrica 60° Passo (0,25mm 6'') / Whitworth 55° FPP (4° 62'').
D16: ESP-05 | E16: Tinta acrílica emborrachada (Lata 18L) obs 1 | F16: Tinta acrílica emborrachada, de primeira linha, qualificada pela ABRAFATI, que atenda a NBR 11702/2010, com elasticidade para acompanhar a movimentação natural das trincas e fissuras existentes, marca Suvinil (Proteção Total) ou similar. Cores uva verde, vitral, verde paraíso, verde bucólico, palha, pérola aveludada, concreto, branco gelo e branco neve ou outra tinta similar (a depender da atualização da nomenclatura da paleta de cores do fabricante), acabamento fosco. Inclui a pintura de muros cegos.
D21: ESP-06 | E21: Tinta esmalte sintético base água - madeira (Lata 3,6L) obs 2 | F21: Tinta esmalte sintético à base de água para serviço de pintura de elementos de madeira (portas, janelas, beirais, etc), de primeira linha, qualificada pela ABRAFATI, que atenda a NBR 11702/2010, marca Suvinil ou similar. Método de aplicação com rolo/pincel e/ou pistola. Aplicação externa. Cores uva verde, vitral, verde paraíso, verde bucólico, palha, pérola aveludada, branco neve e branco gelo ou outra tonalidade similar (a depender da atualização da nomenclatura da paleta de cores do fabricante), semibrilho.
D27: ESP-07 | E27: Tinta esmalte sintético base solvente - metálicos (Lata 3,6L) obs 3 | F27: Tinta esmalte sintético à base de solvente para serviço de pintura de elementos metálicos (estruturas metálicas - reservatório, grades de proteção, calhas de beiral, portas, janelas, portões, corrimãos, escada de marinheiro, passarela coberta, guarda-corpo, estruturas metálicas das salas modulares, etc), de primeira linha, qualificada pela ABRAFATI, que atenda a NBR 11702/2010, marca Suvinil ou similar. Método de aplicação com rolo/pincel e/ou pistola. Aplicação externa. Cor branco, verde, cinza, marrom, preto e vermelho ou outra tonalidade similar (a depender da atualização da nomenclatura da paleta de cores do fabricante), semibrilho
D33: OBS 1: As tonalidades das tintas a serem utilizadas deverão ser aprovadas pela Diretoria de Projetos e Obras. Será necessária a preparação da superfície com o uso de uma demão de fundo preparador do mesmo fabricante da tinta e específico para o tipo de tinta utilizada - não considerado no quantitativo. A pintura deverá ser feita com aplicação de no mínimo três demãos ou quantas mais forem necessárias para um perfeito cobrimento da tinta, com diluição recomendada pelo fabricante. Deverá ser utilizada fita de papel gomado para acabamento, tomando-se o cuidado para não haver respingos em outras paredes, pisos ou aberturas. O ambiente deverá ser entregue limpo e organizado ao final da pintura. Fornecimento de material para pintura, incluindo todas as tintas, pincéis, rolos, lixas, desempenadeiras, espátulas, andaimes, telas para proteção de fachadas, lonas plásticas, equipamentos de proteção individual e coletiva e quaisquer outros materiais ou equipamentos que se fizerem necessários para a completa execução do serviço, tudo por conta da CONTRATADA.
D41: OBS 2 A pintura deverá ser feita com aplicação de no mínimo duas demãos de tinta, ou até a efetiva colorização e cobrimento da superfície dos elementos de madeira. Deverá ser utilizada fita de papel gomado para acabamento, tomando-se o cuidado para não haver respingos em outras paredes, pisos ou aberturas. Previamente à pintura, deverá ser realizado o lixamento, correção das massas de vidro (massa vidraceiro) e a limpeza dos elementos de madeira, como também a correção de imperfeições e/ou rachaduras com uso massa apropriada. Após o lixamento, aplicar uma demão de fundo preparador do mesmo fabricante da tinta e específico para o tipo de tinta utilizada - não considerado no quantitativo. O ambiente deverá ser entregue limpo e organizado ao final da pintura. Fornecimento de material, incluindo todas as tintas, pincéis, rolos, lixas, desempenadeiras, espátulas, compressores, pistolas, cabos e equipamentos elétricos, andaimes, lonas plásticas, equipamentos de proteção individual e coletiva e quaisquer outros materiais ou equipamentos que se fizerem necessários para a completa execução do serviço, tudo por conta da CONTRATADA.
D50: OBS 3 A pintura deverá ser feita com aplicação de no mínimo duas demãos de tinta, ou até a efetiva colorização e cobrimento da superfície dos elementos metálicos. Deverá ser utilizada fita de papel gomado para acabamento, tomando-se o cuidado para não haver respingos em outras paredes, pisos ou aberturas. Previamente à pintura, deverá ser realizado o lixamento e limpeza dos elementos metálicos, atentando para a remoção completa da ferrugem. Após o lixamento, aplicar uma demão de fundo a base de cromato de zinco específico para superfícies metálicas (função anticorrosiva) ou convertedor de ferrugem TF-7 (se for o caso) - não considerado no quantitativo. O ambiente deverá ser entregue limpo e organizado ao final da pintura. Fornecimento de material, incluindo todas as tintas, pincéis, rolos, lixas, desempenadeiras, espátulas, compressores, pistolas, cabos e equipamentos elétricos, andaimes, lonas plásticas, equipamentos de proteção individual e coletiva e quaisquer outros materiais ou equipamentos que se fizerem necessários para a completa execução do serviço, tudo por conta da CONTRATADA.

Sheet COMP POSTO
A1: Relatório de Composição do Preço por Posto de Trabalho
A2: Fonte: planilhas de custos de cada posto (abas NH/JG/LE AM e JA)
A4: Item 1 do Pregão - Auxiliar de Manutenção Predial - São Leopoldo
A5: Componente do custo | B5: Valor (R$) | C5: Percentual do custo do posto
A6: Custo total do posto (valor por empregado) | B6: ='LE AM'!J195 -> 6257.82 | C6: =B6/$B$6 -> 1
A7: Custo da mão de obra (soma dos módulos 1 a 4 + Reembolso-Creche) | B7: ='LE AM'!J186+'LE AM'!J187+'LE AM'!J188+'LE AM'!J189+'LE AM'!J194 -> 4845.05 | C7: =B7/$B$6 -> 0.77423927
A8: Materiais | B8: ='LE AM'!J148 -> 201.25 | C8: =B8/$B$6 -> 0.032159762
A9: Equipamentos | B9: ='LE AM'!J149 -> 103.83 | C9: =B9/$B$6 -> 0.01659204
A10: Uniformes e EPI | B10: ='LE AM'!J150 -> 167.51 | C10: =B10/$B$6 -> 0.026768108
A11: Outros | B11: ='LE AM'!J151 -> 0 | C11: =B11/$B$6 -> 0
A12: CITL (Módulo 6 - Custos Indiretos, Lucro e Tributos) | B12: ='LE AM'!J193 -> 940.18 | C12: =B12/$B$6 -> 0.15024082
A13: Soma dos componentes (conferência) | B13: =SUM(B7:B12) -> 6257.82 | C13: =SUM(C7:C12) -> 1
A15: Item 2 do Pregão - Jardineiro/a - São Leopoldo
A16: Componente do custo | B16: Valor (R$) | C16: Percentual do custo do posto
A17: Custo total do posto (valor por empregado) | B17: ='LE JA'!J195 -> 6169.69 | C17: =B17/$B$17 -> 1
A18: Custo da mão de obra (soma dos módulos 1 a 4 + Reembolso-Creche) | B18: ='LE JA'!J186+'LE JA'!J187+'LE JA'!J188+'LE JA'!J189+'LE JA'!J194 -> 4538.98 | C18: =B18/$B$17 -> 0.73569012
A19: Materiais | B19: ='LE JA'!J148 -> 239.48 | C19: =B19/$B$17 -> 0.038815564
A20: Equipamentos | B20: ='LE JA'!J149 -> 152.6 | C20: =B20/$B$17 -> 0.02473382
A21: Uniformes e EPI | B21: ='LE JA'!J150 -> 107.74 | C21: =B21/$B$17 -> 0.01746279
A22: Outros | B22: ='LE JA'!J151 -> 204.22 | C22: =B22/$B$17 -> 0.033100529
A23: CITL (Módulo 6 - Custos Indiretos, Lucro e Tributos) | B23: ='LE JA'!J193 -> 926.67 | C23: =B23/$B$17 -> 0.15019717
A24: Soma dos componentes (conferência) | B24: =SUM(B18:B23) -> 6169.69 | C24: =SUM(C18:C23) -> 1
A26: Item 3 do Pregão - Jardinagem - Jaguarão
A27: Componente do custo | B27: Valor (R$) | C27: Percentual do custo do posto
A28: Custo total do posto (valor por empregado) | B28: ='JG JA'!J195 -> 5757.63 | C28: =B28/$B$28 -> 1
A29: Custo da mão de obra (soma dos módulos 1 a 4 + Reembolso-Creche) | B29: ='JG JA'!J186+'JG JA'!J187+'JG JA'!J188+'JG JA'!J189+'JG JA'!J194 -> 4435.58 | C29: =B29/$B$28 -> 0.77038295
A30: Materiais | B30: ='JG JA'!J148 -> 92.72 | C30: =B30/$B$28 -> 0.016103848
A31: Equipamentos | B31: ='JG JA'!J149 -> 53.85 | C31: =B31/$B$28 -> 0.0093528066
A32: Uniformes e EPI | B32: ='JG JA'!J150 -> 107.74 | C32: =B32/$B$28 -> 0.018712561
A33: Outros | B33: ='JG JA'!J151 -> 204.22 | C33: =B33/$B$28 -> 0.035469455
A34: CITL (Módulo 6 - Custos Indiretos, Lucro e Tributos) | B34: ='JG JA'!J193 -> 863.52 | C34: =B34/$B$28 -> 0.14997838
A35: Soma dos componentes (conferência) | B35: =SUM(B29:B34) -> 5757.63 | C35: =SUM(C29:C34) -> 1
A37: Item 4 do Pregão - Auxiliar de Manutenção Predial - Novo Hamburgo
A38: Componente do custo | B38: Valor (R$) | C38: Percentual do custo do posto
A39: Custo total do posto (valor por empregado) | B39: ='NH AM'!J195 -> 6975.08 | C39: =B39/$B$39 -> 1
A40: Custo da mão de obra (soma dos módulos 1 a 4 + Reembolso-Creche) | B40: ='NH AM'!J186+'NH AM'!J187+'NH AM'!J188+'NH AM'!J189+'NH AM'!J194 -> 4815.13 | C40: =B40/$B$39 -> 0.6903333
A41: Materiais | B41: ='NH AM'!J148 -> 253.07 | C41: =B41/$B$39 -> 0.036282021
A42: Equipamentos | B42: ='NH AM'!J149 -> 68.82 | C42: =B42/$B$39 -> 0.0098665535
A43: Uniformes e EPI | B43: ='NH AM'!J150 -> 155.61 | C43: =B43/$B$39 -> 0.022309422
A44: Outros | B44: ='NH AM'!J151 -> 694.27 | C44: =B44/$B$39 -> 0.099535776
A45: CITL (Módulo 6 - Custos Indiretos, Lucro e Tributos) | B45: ='NH AM'!J193 -> 988.18 | C45: =B45/$B$39 -> 0.14167293
A46: Soma dos componentes (conferência) | B46: =SUM(B40:B45) -> 6975.08 | C46: =SUM(C40:C45) -> 1
A48: Item 5 do Pregão - Jardineiro/a - Novo Hamburgo
A49: Componente do custo | B49: Valor (R$) | C49: Percentual do custo do posto
A50: Custo total do posto (valor por empregado) | B50: ='NH JA'!J195 -> 6054.73 | C50: =B50/$B$50 -> 1
A51: Custo da mão de obra (soma dos módulos 1 a 4 + Reembolso-Creche) | B51: ='NH JA'!J186+'NH JA'!J187+'NH JA'!J188+'NH JA'!J189+'NH JA'!J194 -> 4509.06 | C51: =B51/$B$50 -> 0.74471694
A52: Materiais | B52: ='NH JA'!J148 -> 225.67 | C52: =B52/$B$50 -> 0.037271687
A53: Equipamentos | B53: ='NH JA'!J149 -> 152.6 | C53: =B53/$B$50 -> 0.025203436
A54: Uniformes e EPI | B54: ='NH JA'!J150 -> 107.73 | C54: =B54/$B$50 -> 0.017792701
A55: Outros | B55: ='NH JA'!J151 -> 204.22 | C55: =B55/$B$50 -> 0.033729002
A56: CITL (Módulo 6 - Custos Indiretos, Lucro e Tributos) | B56: ='NH JA'!J193 -> 855.45 | C56: =B56/$B$50 -> 0.14128623
A57: Soma dos componentes (conferência) | B57: =SUM(B51:B56) -> 6054.73 | C57: =SUM(C51:C56) -> 1
A59: Item 6 do Pregão - Auxiliar de Manutenção Predial - Jaguarão
A60: Componente do custo | B60: Valor (R$) | C60: Percentual do custo do posto
A61: Custo total do posto (valor por empregado) | B61: ='JG AM'!J195 -> 6141.38 | C61: =B61/$B$61 -> 1
A62: Custo da mão de obra (soma dos módulos 1 a 4 + Reembolso-Creche) | B62: ='JG AM'!J186+'JG AM'!J187+'JG AM'!J188+'JG AM'!J189+'JG AM'!J194 -> 4741.65 | C62: =B62/$B$61 -> 0.77208217
A63: Materiais | B63: ='JG AM'!J148 -> 206.06 | C63: =B63/$B$61 -> 0.033552719
A64: Equipamentos | B64: ='JG AM'!J149 -> 103.83 | C64: =B64/$B$61 -> 0.016906624
A65: Uniformes e EPI | B65: ='JG AM'!J150 -> 167.51 | C65: =B65/$B$61 -> 0.027275629
A66: Outros | B66: ='JG AM'!J151 -> 0 | C66: =B66/$B$61 -> 0
A67: CITL (Módulo 6 - Custos Indiretos, Lucro e Tributos) | B67: ='JG AM'!J193 -> 922.33 | C67: =B67/$B$61 -> 0.15018286
A68: Soma dos componentes (conferência) | B68: =SUM(B62:B67) -> 6141.38 | C68: =SUM(C62:C67) -> 1
A70: Quadro comparativo - participação percentual por componente
A71: Componente do custo | B71: Item 1 Aux. Manut. - São Leopoldo | C71: Item 2 Jardinagem - São Leopoldo | D71: Item 3 Jardinagem - Jaguarão | E71: Item 4 Aux. Manut. - Novo Hamburgo | F71: Item 5 Jardinagem - Novo Hamburgo | G71: Item 6 Aux. Manut. - Jaguarão
A72: Custo da mão de obra (módulos 1 a 4 + Reembolso-Creche) | B72: =C7 -> 0.77423927 | C72: =C18 -> 0.73569012 | D72: =C29 -> 0.77038295 | E72: =C40 -> 0.6903333 | F72: =C51 -> 0.74471694 | G72: =C62 -> 0.77208217
A73: Materiais | B73: =C8 -> 0.032159762 | C73: =C19 -> 0.038815564 | D73: =C30 -> 0.016103848 | E73: =C41 -> 0.036282021 | F73: =C52 -> 0.037271687 | G73: =C63 -> 0.033552719
A74: Equipamentos | B74: =C9 -> 0.01659204 | C74: =C20 -> 0.02473382 | D74: =C31 -> 0.0093528066 | E74: =C42 -> 0.0098665535 | F74: =C53 -> 0.025203436 | G74: =C64 -> 0.016906624
A75: Uniformes e EPI | B75: =C10 -> 0.026768108 | C75: =C21 -> 0.01746279 | D75: =C32 -> 0.018712561 | E75: =C43 -> 0.022309422 | F75: =C54 -> 0.017792701 | G75: =C65 -> 0.027275629
A76: Outros | B76: =C11 -> 0 | C76: =C22 -> 0.033100529 | D76: =C33 -> 0.035469455 | E76: =C44 -> 0.099535776 | F76: =C55 -> 0.033729002 | G76: =C66 -> 0
A77: CITL (Módulo 6) | B77: =C12 -> 0.15024082 | C77: =C23 -> 0.15019717 | D77: =C34 -> 0.14997838 | E77: =C45 -> 0.14167293 | F77: =C56 -> 0.14128623 | G77: =C67 -> 0.15018286
A78: Total | B78: =SUM(B72:B77) -> 1 | C78: =SUM(C72:C77) -> 1 | D78: =SUM(D72:D77) -> 1 | E78: =SUM(E72:E77) -> 1 | F78: =SUM(F72:F77) -> 1 | G78: =SUM(G72:G77) -> 1
A79: Custo total do posto (R$/empregado) | B79: =B6 -> 6257.82 | C79: =B17 -> 6169.69 | D79: =B28 -> 5757.63 | E79: =B39 -> 6975.08 | F79: =B50 -> 6054.73 | G79: =B61 -> 6141.38
